Workbook
Name activos: #REF!
Name activos: #REF!
Name activos: #REF!
Name activos: #REF!
Name activos: #REF!
Name AGUAS99: #REF!
Name AGUAS99: #REF!
Name AGUAS99: #REF!
Name AGUAS99: #REF!
Name AGUAS99: #REF!
Name BIDAGUAS: #REF!
Name BIDAGUAS: #REF!
Name BIDAGUAS: #REF!
Name BIDAGUAS: #REF!
Name BIDAGUAS: #REF!
Name CDEC: '[1]ENER-SEPT'!$A$1:$A$1494
Name CODIGO: [1]ACTIVIDADES!$A$2:$A$8
Name concep: #REF!
Name concep: #REF!
Name concep: #REF!
Name concep: #REF!
Name concep: #REF!
Name CONSODETA: #REF!,#REF!,#REF!,#REF!,#REF!,#REF!
Name CONSODETA: #REF!,#REF!,#REF!,#REF!,#REF!,#REF!
Name CONSODETA: #REF!,#REF!,#REF!,#REF!,#REF!,#REF!
Name CONSODETA: #REF!,#REF!,#REF!,#REF!,#REF!,#REF!
Name CONSODETA: #REF!,#REF!,#REF!,#REF!,#REF!,#REF!
Name CONSODETA: #REF!,#REF!,#REF!,#REF!,#REF!,#REF!
Name consolidado: #REF!,#REF!,#REF!
Name consolidado: #REF!,#REF!,#REF!
Name consolidado: #REF!,#REF!,#REF!
Name consolidado: #REF!,#REF!,#REF!
Name consolidado: #REF!,#REF!,#REF!
Name DEPARTAMENTO: '[2]fORMATO 20.1'!$AX$8:$AX$39
Name deuda99: #REF!,#REF!,#REF!,#REF!
Name deuda99: #REF!,#REF!,#REF!,#REF!
Name deuda99: #REF!,#REF!,#REF!,#REF!
Name deuda99: #REF!,#REF!,#REF!,#REF!
Name deuda99: #REF!,#REF!,#REF!,#REF!
Name deudamensual: #REF!,#REF!,#REF!
Name deudamensual: #REF!,#REF!,#REF!
Name deudamensual: #REF!,#REF!,#REF!
Name deudamensual: #REF!,#REF!,#REF!
Name deudamensual: #REF!,#REF!,#REF!
Name Excel_BuiltIn_Print_Area: #REF!
Name Excel_BuiltIn_Print_Area: #REF!
Name Excel_BuiltIn_Print_Area: #REF!
Name Excel_BuiltIn_Print_Area: #REF!
Name Excel_BuiltIn_Print_Area: #REF!
Name FECHA2012: [3]FECHA!$A:$IV
Name iiiiiii: '[4]OCT-DIC'!$B$1:$B$1404
Name INGADMON: #REF!
Name INGADMON: #REF!
Name INGADMON: #REF!
Name INGADMON: #REF!
Name INGADMON: #REF!
Name ll: '[1]ENER-SEPT'!$B$1:$B$1494
Name NOMCDEA: '[1]OCT-DIC'!$B$1:$B$1404
Name NOMCDEC: '[1]ENER-SEPT'!$B$1:$B$1494
Name ñ: #REF!

Sheet F-CF-RC-015
A1: Código: F-CF-RC-015 | D1: Plan de Mejoramiento Único | Q1: Estado de las Acciones de Mejoramiento en último seguimiento (Según: % Cumplimiento de las Acciones y % Cumplimiento del Objetivo (Efectividad)
A2: Versión: 04
A3: Entidad: ESE Metrosalud | M3: Período Fiscal: 2026
A4: Formulación de las Acciones y Objetivos | M4: Seguimiento | O4: Observaciones
A5: Nombre de la Auditoría | B5: Fecha de la Auditoría (aaaa-mm-dd) | C5: Nº | D5: Descripción del Hallazgo | E5: Hallazgo Administrativo | F5: Acción de Mejoramiento/Correctiva | G5: Plazo de la Acción | I5: Objetivo que se Busca Lograr | J5: Fecha Cumplimiento del Objetivo | K5: Responsable | M5: Cumplimiento de las Acciones % | N5: (Efectividad) Cumplimiento del Objetivo % | AF5: Responsable
E6: (Lista desplegable) | G6: Fecha de Inicio (aaaa-mm-dd) | H6: Fecha de Terminación (aaaa-mm-dd) | K6: Dependencia | L6: Servidor | S6: Gerencia | T6: *Subgerencia Red de Servicios | U6: *Subgerencia Administrativa y Financiera | V6: *Dirección de Contratación | W6: *Dirección Administrativa | X6: *Dirección de Sistemas de Información | Y6: *Dirección de Venta de Servicios | Z6: *Oficina Asesora de Planeación y Desarrollo Organizacional | AA6: *Oficina de Salud Pública y Gestión Territorial | AB6: *Oficina Jurídica | AC6: *Oficina de Control Interno y Evaluación | AD6: *Oficina de Control Interno Disciplinario | AE6: *Dirección de Talento Humano | AF6: Dependencia | AG6: Servidor
A7: Auditoría regular vigencia 2017 | B7: 43357 | C7: 6 | D7: Hallazgo 6 que corresponde a la observación 7 del informe preliminar. Deficiencias en la rendición de la cuenta. Se evidencian deficiencias en la rendición, presentación y rendición de información de la cuenta, a través del aplicativo Gestión Transparente, incumpliendo con lo establecido en la Resolución 170 de 18 de diciembre de 2017, hecho evidenciado en la rendición de los 1.proyectos de inversión que no tienen asociados los contratos celebrados, 2.la información que contiene el formato de litigios y demandas, no corresponde con la información reportada en los estados financieros en relación con las demandas laborales,3. los pagos de los contratos, aún no son asociados y reportados en el aplicativo de Gestión Transparente, 4.los estados de información financiera no fue rendido oportunamente en forma comparativa como lo indica la norma, el estado de la situación financiera a diciembre 31 de 2017 bajado del aplicativo Gestión Transparente, indica en el título, que esta rendido en pesos, pero en el mismo se evidencia que las cifras fueron presentadas en miles; situación que se presenta por falta de controles frente al funcionario encargado de rendir la información, lo que dificulta la labor de la Contraloría en el ejercicio del control fiscal. Hallazgo administrativo. | E7: Administrativa | F7: Realizar la rendición de la cuenta e informes, en las fechas y forma establecidas por la Contraloría General de Medellín en la resolución 170 de 2017, directamente en el sistema de información “Gestión Transparente”. | G7: 43344 | H7: 43511 | I7: Rendir de forma correcta y oportuna la información solicitada por la Contraloría General de Medellín y dar cumplimiento a la normatividad vigente sobre la Rendición y Revisión de la Cuenta e Informes por parte de la ESE Metrosalud | J7: 43511 | K7: Subgerencia Administrativa y Financiera, Oficina Asesora de Planeación y Desarrollo Organizacional, Oficina Jurídica, Dirección Contratación | L7: =VLOOKUP(K7,'DEPENDENCIAS-RESPONSABLES'!B:C,2,FALSE) -> Adriana María Taborda Zapata (Subgerente Administrativo y Financiero - E), Natalia Peláez Miyar (Jefe Oficina Asesora de Planeación y Desarrollo Organizacional), Adriana María Velásquez Arango (Jefe Oficina Jurídica), Esperanza Peñaranda Pineda (Directora Operativa de Contratación) | M7: 1 | N7: 1 | O7: Enero 15: Abierta. No se cierra toda vez que en la auditoría realizada en la vigencia 2020, se evidencio que persisten las inconsistencias en la rendición de la cuenta Mayo 18: Se verifica que la rendicion de cuenta se da en los tiempos establecidos, ademas se envia una informacion previa al enlace de la Contraloria, con el fin de que se revise y retroalimente a los responsables en posibles impresiciones. Noviembre 2022: Se solicitan certificados o patallazos que acrediten que la rendicion de la cuenta se dio de forma correcta y en los tiempos establecidos Enero 2023:Teniendo en cuenta las fecha para la rendiciòn cuentas, "Se dara por cumplida el 28/02/2023. Septiembre 2023: Este hallazgo continua abierto de acuerdo con el Informe Definitivo de la Auditoría Financiera y de Gestión de la vigencia 2022, el cual al no la relaciona como cerrada y entonces se presume que esá abierta. Febrero 2024: Se solicitò a los responsables el avance de las acciónes realizadas y no presentaron evidencias. Abril 2024: De acuerdo con el informe de la Contraloría de agosto 2023 "Informe Definitivo Gestión Fiscal Integral Auditoría Financiera y de Gestión vigencia 2022 E.S.E. Metrosalud", no se hace mención a esta acción (cuadros 23, 24, 25, pg 65, 66, 67 del informe). Continúa ABIERTA en PAPEL DE TRABAJO PT 03-PF EVALUACIÓN PLAN DE MEJORAMIENTO de la contraloría Julio 2024: Para la rendición de la cuenta vigencia 2023 se asignó un profesional contratista de la Oficina de Control Interno para el seguimiento de la rendición de la cuenta por parte de las dependencias de la ESE. Se adjunta memorando de asignación de la evaluación - Memorando de notificación de la Oficina a cada responsable de la rendiciónd de la Cuenta - Informe correspondiente al seguimiento realizado por Control Interno al cumplimiento de la rendición de la cuenta vigencia 2023. Verificación anual que se continuara incluyendo en el plan de evaluaciones. Cumplimiento 80% - Efectividad 80%. Continua ABIERTA hasta nueva valoración de la Contraloria. Agosto 2024: Sin evidencia de avance de la acción de mejora por parte de los responsables del cumplimiento. Cumplimiento 80% - Efectividad 80%. Septiembre 2024: Sin evidencia de avance de la acción de mejora por parte de los responsables del cumplimiento. De acuerdo al hallazgo 10 de la Auditoria Financiera y de Gestión Vigencia 2023, el cual hace referencia a las Debilidades en la rendición de la información en Gestión Transparente (GT), se plantea la siguiente acción de mejoramiento: Emitir acto administrativo por medio del cual el Gerente de la ESE Metrosalud relacione los cargos de los servidores públicos en quienes delegue la función y responsabilidad de rendir la cuenta en el Sistema de Información Gestión Transparente (GT), de acuerdo con lo dispuesto en la Resolución 0460 del 24 de abril de 2024 expedida por la Contraloría Distrital Medellín y las normas que la sustituyan, adicionen o modifiquen, y comunicarlo a los delegatarios para que procedan de conformidad. Cumplimiento 0% - Efectividad 0%. Octubre 2024: Sin evidencia de avance de la acción de mejora por parte de los responsables del cumplimiento. Cumplimiento 0% - Efectividad 0%. Noviembre 2024: Sin evidencia de avance de la acción de mejora por parte de los responsables del cumplimiento. Cumplimiento 0% - Efectividad 0%. Diciembre 2024: Sin evidencia de avance de la acción de mejora por parte de los responsables del cumplimiento. Cumplimiento 0% - Efectividad 0% Enero 2025: Sin evidencia de avance de la acción de mejora por parte de los responsables del cumplimiento. Febrero 2025: Sin evidencia de avance de la acción de mejora por parte de los responsables del cumplimiento. Marzo 2025: Se realizó seguimiento conjunto con la Contraloría Distrital de Medellín y ellos están evaluando las evidencias durante la Auditoría Financiera y de Gestión de la vigencia 2024. Abril 2025: Se realizó seguimiento conjunto con la Contraloría Distrital de Medellín y ellos están evaluando las evidencias durante la Auditoría Financiera y de Gestión de la vigencia 2024. Mayo 2025: Se realizó seguimiento conjunto con la Contraloría Distrital de Medellín y ellos están evaluando las evidencias durante la Auditoría Financiera y de Gestión de la vigencia 2024. Junio 2025: Actualmente la Contraloría Distrital de Medellín está realizando la auditoría para la vigencia 2024, y está realizando la verificación de las evidencias de esta acción. Julio 2025: Actualmente la Contraloría Distrital de Medellín está realizando la auditoría para la vigencia 2024, y está realizando la verificación de las evidencias de esta acción. Agosto 2025: Posterior a la auditoría de gestión de la Contraloría Distrital de Medellín vigencia 2024, se está a la espera de los resultados del informe para el cierre del hallazgo. Septiembre 2025: Se cierra esta acción de acuerdo con el informe definitivo de la Auditoria Financiera, de Gestión y Resultados vigencia 2024, emitido por la Contraloría Distrital de Medellín en septiembre de 2025. ESTADO: CERRADA - Verificado en Informe Definitivo Auditoria Financiera, de Gestión y Resultados vigencia 2024, con fecha de septiembre 2025. | Q7: =IF(OR(F7="",M7="",M7=""),"-",IF(AND(M7=100%,N7=100%),"Cerrada","Abierta")) -> Cerrada | R7: =IF(F7="",0,1) -> 1 | U7: Subgerencia Administrativa y Financiera | V7: Dirección de Contratación | Z7: Oficina Asesora de Planeación y Desarrollo Organizacional | AB7: Oficina Jurídica | AF7: ='[5]F-CF-RC-012'!K7 -> Subgerencia Administrativa y Financiera Oficina de Planeación y Desarrollo Organizacional Oficina Asesora Jurídica Dirección Administrativa | AG7: ='[5]F-CF-RC-012'!L7 -> Olga Mery López Castaño Gustavo Hernández Giraldo Clemencia Toro Briceño Olga Cecilia Mejía Jaramillo
A8: Evaluación componente control financiero vigencia 2018 | B8: 43585 | C8: 3 | D8: Las cuentas por cobrar no corrientes a diciembre 31 a ascienden a $3.213 millones, producto de un saldo de cuentas por cobrar de $41.095 millones, menos (-) el deterioro acumulado por $37.881 millones para un saldo total de $3.213 millones. Al analizar el deterioro por prestación de servicios de salud se observó que en las revelaciones, en el cálculo del deterioro de las entidades en liquidación (página 33), existen 4 entidades repetidas, incumpliendo con lo estipulado en el marco normativo de la Contaduría General de la Nación anexo 2 “Reconocimiento y revelación de hechos económicos”. Lo anterior por deficiencias en el control de la preparación de la información, lo que puede generar interpretación errónea de la información contable | E8: Administrativa | F8: Implementar un control en el procedimiento de elaboración de las revelaciones a los estados financieros, que consiste en una revisión final realizado por el equipo de los líderes del área financiera; dejando constancia de los funcionarios que participaron en la verificación final de las revelaciones. . | G8: 43647 | H8: 43876 | I8: Revisar e informar correctamente en la revelación del deterioro de cartera los datos mas importantes en el calculo de las mismas según las políticas internas NIIF | J8: 15/02/2020 | K8: Subgerencia Administrativa y Financiera (Contabilidad) | L8: =VLOOKUP(K8,'DEPENDENCIAS-RESPONSABLES'!B:C,2,FALSE) -> Adriana María Taborda Zapata (Subgerente Administrativo y Financiero - E), Juan Felipe Parra Peña (Líder de Programa Contabilidad) | M8: 1 | N8: 1 | O8: Enero 2023: El procedimiento de gestión contable disponible en la intranet contiene la acción o tarea de preparar revelaciones a los Estados financieros con observancia a las normas establecidas; sin embargo no tiene el control propuesto de revisión final por los lideres del área financiera. Además la lider de Contabilidad avanzó, con base en lo sugerido desde la Oficina de Control Interno, en la preparación de la plantilla de control que permita comparar las politicas y los estandares para cada una de las revelaciones. Al momento de realizar el seguimiento a este plan de mejoramiento áun no se elaboraban las notas explicativas correspondientes al 2019, pues se estaba dentro del plazo establecido; no obstante las mismas se recibieron el 17/02/2020 y se pudo observar que en el cuadro correspondiente al deterioro del 2019, relacionado con las entidades liquidadas, no tiene entidades repetidas.. Corresponde a una misma entidad, segregada por cada regimen... Mayo 18 de 2022: Se revisara la inclusion del tema aun pendiente en el procedimiento de revelaciones a los estados ficnancieros - Grupo financiera liderado por la Doctora Celmira Giraldo plantea como nueva fecha de cumplimiento la primera semana de julio (primer miercoles) Noviembre 2022: Es necesario, actualizar el procedimiento de revelaciones a los estados financieros, incorporando la actividad de revision final que deben realizar los lideres del area financiera. Diciembre 2022: En el PA05 PR 50 - Procedimiento Gestión Contable, publicado en el aplicativo Almera con corte a noviembre de 2022, si bien se indica que es responsabilidad de la líder Programa contable preparar revelaciones a los Estados financieros con observancia a las normas establecidas por la Contaduría General de la Nación, no se evidencia en el procedimiento la actividad de revisión final por parte del equipo de líderes del área financiera. Enero 2023: "Se dara por cumplida el 28/02/2023. revisar en el procedimiento si esta documentado". Febrero 2024: Se solicitò a los responsables el avance de las acciónes realizadas y no presentaron evidencias. Abril 2024: De acuerdo con el informe de la Contraloría de agosto 2023 "Informe Definitivo Gestión Fiscal Integral Auditoría Financiera y de Gestión vigencia 2022 E.S.E. Metrosalud", no se hace mención a esta acción (cuadros 23, 24, 25, pg 65, 66, 67 del informe). Continúa ABIERTA en PAPEL DE TRABAJO PT 03-PF EVALUACIÓN PLAN DE MEJORAMIENTO de la contraloría Julio 2024: Sin evidencias de avance en la acción de mejoramiento por parte de los responsables del cumplimiento. Cumplimiento: 50%, Efectividad 50% Agosto 2024: Sin evidencia de avance de la acción de mejora por parte de los responsables del cumplimiento.Cumplimiento: 50% - Efectividad 50% Septiembre 2024: Seguimiento Oficina Control Interno y Evaluación: Se evalúa las siguientes evidencias: Actualización del PROCEDIMIENTO GESTIÓN CONTABLE PA05 PR 50, con fecha del 06 de septiembre en el aplicativo SIG Almera, donde se genera el control con referencia a revisar en comité financiero las revelaciones con el fin de realizar los ajustes y correcciones antes de ser formalizado y rendido (anualmente) en caso de que se presenten no conformidades al responsable de la información será el encargado de corregirla, se debe presentar como evidencia el acta del comité financiero, el control y la efectividad se valorará en el me de enero del 2025.Queda pendiente 1- De acuerdo a la recomendación realizada por la oficina de Planeación: El despliegue del procedimiento actualizado del mismo a los servidores que intervienen en él, utilizando el formato PE02 FR 437FR REGISTRO DE ASISTENCIA REUNIÓN Y/O CAPACITACIÓN. 2- Prueba de conocimiento para ello se solicita informar la relación de servidores (Cargos y nombres completos) a los cuales debe darse a conocer (Desplegar) el procedimiento en mención. Se envía notificación a los responsables. Cumplimiento Almera 50% Cumplimiento: 50% - Efectividad 50% Octubre 2024: Seguimiento Oficina Control Interno y Evaluación: se evalúa la evidencia registrada sin que demuestre avance en la ejecución de la acción de mejora y posterior a ello el procedimiento ya aprobado y PUBLICADO en el SGI Almera. Continúa abierto el hallazgo de la Contraloría Distrital de Medellín. Se envía notificación a los responsables. Cumplimiento 50% Noviembre 2024: Seguimiento Oficina Control Interno y Evaluación: se evalúa la evidencia registrada sin que demuestre avance en la ejecución de la acción de mejora y posterior a ello el procedimiento ya aprobado y PUBLICADO en el SGI Almera. Continúa abierto el hallazgo de la Contraloría Distrital de Medellín. Se envía notificación a los responsables. Cumplimiento 50% Diciembre 2024: Seguimiento Oficina Control Interno y Evaluación: se evalúa la evidencia registrada sin que demuestre avance en la ejecución de la acción de mejora y posterior a ello el procedimiento ya aprobado y PUBLICADO en el SGI Almera. Continúa abierto el hallazgo de la Contraloría Distrital de Medellín. Se envía notificación a los responsables. Cumplimiento 50% Enero 2025: Se evalua evidencia registrada en el sistema de gestión institucional ALMERA, quedando pendiente el despliegue del procedimiento modificado y copia de actas de comité. Febrero 2025: En proceso de avance de las acciones de mejora por parte de los responsables del cumplimiento. Marzo 2025: Se realizó seguimiento conjunto con la Contraloría Distrital de Medellín y ellos están evaluando las evidencias durante la Auditoría Financiera y de Gestión de la vigencia 2024. Abril 2025: Se realizó seguimiento conjunto con la Contraloría Distrital de Medellín y ellos están evaluando las evidencias durante la Auditoría Financiera y de Gestión de la vigencia 2024. Mayo 2025: Se realizó seguimiento conjunto con la Contraloría Distrital de Medellín y ellos están evaluando las evidencias durante la Auditoría Financiera y de Gestión de la vigencia 2024. Junio 2025: Actualmente la Contraloría Distrital de Medellín está realizando la auditoría para la vigencia 2024, y está realizando la verificación de las evidencias de esta acción. Julio 2025: Actualmente la Contraloría Distrital de Medellín está realizando la auditoría para la vigencia 2024, y está realizando la verificación de las evidencias de esta acción. Agosto 2025: Posterior a la auditoría de gestión de la Contraloría Distrital de Medellín vigencia 2024, se está a la espera de los resultados del informe para el cierre del hallazgo. Septiembre 2025: Se cierra esta acción de acuerdo con el informe definitivo de la Auditoria Financiera, de Gestión y Resultados vigencia 2024, emitido por la Contraloría Distrital de Medellín en septiembre de 2025. ESTADO: CERRADA - Verificado en Informe Definitivo Auditoria Financiera, de Gestión y Resultados vigencia 2024, con fecha de septiembre 2025. | Q8: =IF(OR(F8="",M8="",M8=""),"-",IF(AND(M8=100%,N8=100%),"Cerrada","Abierta")) -> Cerrada | R8: =IF(F8="",0,1) -> 1 | U8: Subgerencia Administrativa y Financiera | AF8: ='[5]F-CF-RC-012'!K8 -> Contabilidad | AG8: ='[5]F-CF-RC-012'!L8 -> Luz Stella Castrillón
A9: Auditoría Regular Resultados Evaluación Componente Financiero 2019 | B9: 43963 | C9: 1 | D9: Falta de coherencia en las revelaciones de carácter general y específico: Las revelaciones de carácter generales de la cuenta “Propiedad planta y equipo”, relacionadas con la vida útil de cada grupo y clase de propiedad, planta y equipo, no son coherentes con las notas o revelaciones específicas relacionadas con los mismos bienes. Lo anterior, evidencia incumplimiento a lo establecido en las políticas contables bajo el nuevo marco normativo (NIIF) propiedades, planta y equipo V2 (Grupo 2), causado por deficiencias en el control de la preparación de la información, generando incertidumbre sobre la vida útil definida para efectos de calcular la depreciación y deterioro de estos activos. | E9: Administrativa | F9: Elaborar una plantilla de control que contenga el estándar para cada una de las revelaciones que se debe hacer a las subcuentas que integran los grupos contables. Implementar un control en el procedimiento de elaboración de las revelaciones a los estados financieros, que consiste en una revisión final realizado por el equipo de los líderes del área financiera; dejando constancia de los funcionarios que participaron en la verificación final de las revelaciones. . | G9: 43983 | H9: 44012 | I9: Implementar controles para la elaboración de las revelaciones a los estados financieros | J9: 44242 | K9: Subgerencia Administrativa y Financiera (Contabilidad) | L9: =VLOOKUP(K9,'DEPENDENCIAS-RESPONSABLES'!B:C,2,FALSE) -> Adriana María Taborda Zapata (Subgerente Administrativo y Financiero - E), Juan Felipe Parra Peña (Líder de Programa Contabilidad) | M9: 1 | N9: 1 | O9: Mayo 18: Replantear: La subgerente financiera indica que la solucion debe estar encaminada en que las revelaciones y las politicas sean coherentes con las NIF. . Socializar las politicas financieras, comparadas con las revelaciones y las normas establecidas por la Contaduria y luego revisar como se estan haciendo las revelaciones para dar cumplimiento a lo establecido y realizar seguimiento al cumplimiento de las politicas Noviembre 2022: No se evidencia el procedimiento donde se identifique la correcta relacion de las revelaciones, acorde a la normatividad vigente Se recomienda efectuar la socialización de las politicas contables y los procedimientos, asi mismo dejar la evidencia correspondiente. Enero 2023: Se recomienda efectuar la socialización, de las politicas contables y los diferentes procedimientos, asi mismo dejar la evidencia correspondiente. El procedimiento esta igual, desde que se dejo la observaciòn por la contraloria Septiembre 2023: Este hallazgo continua abierto de acuerdo con el Informe Definitivo de la Auditoría Financiera y de Gestión de la vigencia 2022, el cual al no la relaciona como cerrada y entonces se presume que esá abierta. Febrero 2024: Se solicitò a los responsables el avance de las acciónes realizadas y no presentaron evidencias. Abril 2024: De acuerdo con el informe de la Contraloría de agosto 2023 "Informe Definitivo Gestión Fiscal Integral Auditoría Financiera y de Gestión vigencia 2022 E.S.E. Metrosalud", esta acción no se relaciona como abierta o cerrada (cuadros 23, 24, 25, pg 65, 66, 67 informe). Está ABIERTA en PAPEL DE TRABAJO PT 03-PF EVALUACIÓN PLAN DE MEJORAMIENTO de la contraloría Julio 2024: Sin evidencias de avance en la acción de mejoramiento por parte de los responsables del cumplimiento. Cumplimiento: 60%, Efectividad 60% Agosto 2024: Sin evidencia de avance de la acción de mejora por parte de los responsables del cumplimiento. Cumplimiento: 60% - Efectividad 60% Septiembre 2024: Se evidencia avance de la acciòn de mejora por parte del responsable en el procedimiento gestiòn contable PA05 PR50, quedando pendiente el despliegue del procedimiento actualizado del mismo a los servidores que intervienen en el, realizar la prueba de conocimiento para ello se solicita informar la revelaciòn de servidores (Cargos y nombres completos) a los cuales debe darse a conocer (Desplegar) el procedimiento en mención y Plantilla de control que contenga los estándares de las revelaciones. Cumplimiento: 60% - Efectividad 60% Octubre 2024: Se evidencia la plantilla que contiene la base para la realización de los estados financieros a las subcuentas que integran los grupos contables ( revelaciones), la cual hace falta la socialización con las áreas involucradas en el proceso. Cumplimiento: 60% - Efectividad 60% Noviembre 2024: Se evidencia la plantilla que contiene la base para la realización de los estados financieros a las subcuentas que integran los grupos contables ( revelaciones), la cual hace falta la socialización con las áreas involucradas en el proceso. Cumplimiento: 60% - Efectividad 60% Diciembre 2024: Se evidencia la plantilla que contiene la base para la realización de los estados financieros a las subcuentas que integran los grupos contables ( revelaciones), la cual hace falta la socialización con las áreas involucradas en el proceso. Cumplimiento: 60% - Efectividad 60%. Enero 2025: Los responsables presentaron avance en las evidencias de las acciones de mejora, sin embargo queda pendiente adjuntar la totalidad. Febrero 2025: Los responsables presentaron avance en las evidencias de las acciones de mejora, sin embargo queda pendiente adjuntar la totalidad. Marzo 2025: Se realizó seguimiento conjunto con la Contraloría Distrital de Medellín y ellos están evaluando las evidencias durante la Auditoría Financiera y de Gestión de la vigencia 2024. Abril 2025: Se realizó seguimiento conjunto con la Contraloría Distrital de Medellín y ellos están evaluando las evidencias durante la Auditoría Financiera y de Gestión de la vigencia 2024. Mayo 2025: Se realizó seguimiento conjunto con la Contraloría Distrital de Medellín y ellos están evaluando las evidencias durante la Auditoría Financiera y de Gestión de la vigencia 2024. Junio 2025: Actualmente la Contraloría Distrital de Medellín está realizando la auditoría para la vigencia 2024, y está realizando la verificación de las evidencias de esta acción. Julio 2025: Actualmente la Contraloría Distrital de Medellín está realizando la auditoría para la vigencia 2024, y está realizando la verificación de las evidencias de esta acción. Agosto 2025: Posterior a la auditoría de gestión de la Contraloría Distrital de Medellín vigencia 2024, se está a la espera de los resultados del informe para el cierre del hallazgo. Septiembre 2025: Se cierra esta acción de acuerdo con el informe definitivo de la Auditoria Financiera, de Gestión y Resultados vigencia 2024, emitido por la Contraloría Distrital de Medellín en septiembre de 2025. ESTADO: CERRADA - Verificado en Informe Definitivo Auditoria Financiera, de Gestión y Resultados vigencia 2024, con fecha de septiembre 2025. | Q9: =IF(OR(F9="",M9="",M9=""),"-",IF(AND(M9=100%,N9=100%),"Cerrada","Abierta")) -> Cerrada | R9: =IF(F9="",0,1) -> 1 | U9: Subgerencia Administrativa y Financiera | AF9: ='[5]F-CF-RC-012'!K9 -> Financiero | AG9: ='[5]F-CF-RC-012'!L9 -> Luz Stella Castrillón
A10: Auditoría Regular vigencia 2019 | B10: 44183 | C10: 2 | D10: Debilidades en la planeación: El contrato 3172 de 2019, cuyo objeto fue la prestación de servicios asistenciales en la UPSS donde la ESE Metro salud requiera sus servicios, por un valor de $420.000.000, el cual fue firmado el 4 de julio de 2019, e inició el 4 de julio de 2019, tuvo ampliación hasta el 31 de octubre de 2019 con adición de $210.000.000, el grupo auditor observó que desde los estudios previos, no se especifica la cantidad de médicos y odontólogos que se requieren en las diferentes UPSS para prestar sus servicios, incumpliéndose con el principio de planeación contractual contemplado en el artículo 14 del Estatuto de Contratación de la ESE Metrosalud, concretamente en la elaboración de los estudios previos numeral 14.1.2 al disponer que los estudios y documentos previos son el soporte para tramitar los procesos de contratación de Metrosalud, los cuales deben contener entre otros los siguientes elementos: “ Objeto a contratar con sus especificaciones técnicas…” situaciones originadas por deficientes controles en el proceso de contratación generando posibles riesgos en el manejo del recurso público. | E10: Administrativa | F10: implementar controles desde la etapa de Planeación en la elaboración de las especificaciones técnicas, teniendo presente el detalle de cada uno de los elementos a contratar | G10: 44200 | H10: 44316 | I10: fortalecer la etapa precontractual con una buena Planeación de las necesidades a contratar por parte de la ESE | J10: 44316 | K10: Dirección de Venta de Servicios | L10: =VLOOKUP(K10,'DEPENDENCIAS-RESPONSABLES'!B:C,2,FALSE) -> Cecilia María Taborda Pérez (Director de Venta de Servicios) | M10: 1 | N10: 1 | O10: Enero 2022: Continua abierta Mayo 2022: Continua abierta Nota: Las acciones, no permiten lograr la efectividad para el cierre del hallazgo. Tambien es necesario revisar la asignacion del responsable Noviembre 2022: Se requiere evidencia en la que se verifique que en los contratos posteriores a este hallazgo, estan debidamente descritas las especificaciones tecnicas en los estudios previos, dando cumplimiento al estatuto de contratacion (solicitar muestreo) Enero 2023:Este tipo de contratación se realiza cuando el recurso humano de planta de cargos es insuficiente para responder a las obligaciones que se adquieren con las diferentes EAPB. Cuando se hace la fase de Planeación de estos contratos no es posible definir un número determinado de personal a necesitar al inicio del contrato, el monto del contrato se determina de acuerdo a la expectativas que se tienen frente al crecimiento de la demanda. Lo anterior, nos permite tener celeridad y oportunidad en la respuesta en la atención de los usuarios. La minuta brinda al Supervisor los elementos necesarios para el control a la ejecución de este, incluyendo los incrementos y/o disminución del recurso humano. Actualmente En la etapa de planeación del contrato se estima el tiempo que no es posible cubrir con recurso humano de planta de cargo para la prestación del servicio de salud , estos tiempos se dejan en el estudio previo dentro de las obligaciones del contratista ,para que el tercero lo cubra con el personal solicitado , de igual manera se deja claro en la minuta las tarifas a pagar a la agremiación por la prestación del servicio, si este es prestado en horario diurno, nocturno, dominical o festivo.. Abril 2024: De acuerdo con el informe de la Contraloría de agosto 2023 "Informe Definitivo Gestión Fiscal Integral Auditoría Financiera y de Gestión vigencia 2022 E.S.E. Metrosalud", esta acción quedó CERRADA (cuadro 25, pg 67-informe). Está CERRADA en PAPEL DE TRABAJO PT 03-PF EVALUACIÓN PLAN DE MEJORAMIENTO de la contraloría. Observación de la contraloría: Se revisa los estudios previos de los nuevos procesos contractuales para la contratación de personal asistencial y se verifica que en ellos se especifica el personal que se requiere, el sitio donde se requieres, el número de horas a trabajar por día y el período para el cual se requiero dicho personal. Por lo tanto se cierra la acción, pues se corrigió mla debilidad detectada en la etapa de planeación en este tipo de proceso contractual. ESTADO: Cerrada | Q10: =IF(OR(F10="",M10="",M10=""),"-",IF(AND(M10=100%,N10=100%),"Cerrada","Abierta")) -> Cerrada | R10: =IF(F10="",0,1) -> 1 | Y10: Dirección de Venta de Servicios | AF10: ='[5]F-CF-RC-012'!K10 -> Dirección Venta de Servicios | AG10: ='[5]F-CF-RC-012'!L10 -> Juan Carlos Tamayo Suárez
A11: Auditoría Regular vigencia 2019 | B11: 44183 | C11: 4 | D11: Documentación incompleta de contratistas: La ESE Metrosalud suscribió el contrato1581 de 2019, con la Federación Gremial de Trabajadores de la Salud-FEDSALUD, para cumplir con el objeto de prestar los servicios especializados de anestesia, para la realización de los procedimientos quirúrgicos y la consulta preanestésica en las unidades hospitalarias de la Empresa Social del Estado Metrosalud que tengan en su portafolio los servicios quirúrgicos. Revisados los registros anexos del personal contratado por Fedsalud para el cumplimiento del objeto del contrato, no figuran documentos de seguridad social de algunos contratistas. Lo anterior se presenta por deficiencias en los controles al proceso de contratación, generando posibles riesgos laborales y demandas. | E11: Con Incidencia Administrativa y Disciplinaria | F11: Verificar los documentos soportes de las hojas de vida, dejando evidencia en el informe tecnico de evaluacion de la propuesta | G11: 44201 | H11: 44561 | I11: Asegurar que los soportes de las hojas de vida aportadas con las propuestas se encuentren completas | J11: 44377 | K11: Dirección de Contratación | L11: =VLOOKUP(K11,'DEPENDENCIAS-RESPONSABLES'!B:C,2,FALSE) -> Esperanza Peñaranda Pineda (Directora Operativa de Contratación) | M11: 1 | N11: 1 | O11: Enero 2022: Continua abierta Mayo 2022: Como consecuencia de este hallazgo se programó una auditoria desde la Oficina de Control Interno para verificar la supervision de una muestra de contratos de la vigencia 2021, donde se evidencia que la situacion permanece, ratificando el hallazgo de la Contraloria Noviembre 2022: Esta Auditoria de seguimiento, quedara inlcuida en el Plan General de evaluacionde 2023. Enero 2023:Esta Auditoria de seguimiento, quedara inlcuida en el Plan General de evaluacionde 2023. Septiembre 2023: Este hallazgo continua abierto de acuerdo con el Informe Definitivo de la Auditoría Financiera y de Gestión de la vigencia 2022, el cual al no la relaciona como cerrada y entonces se presume que esá abierta. Febrero 2024: Se solicitò a los responsables el avance de las acciónes realizadas y no presentaron evidencias. Abril 2024: De acuerdo con el informe de la Contraloría de agosto 2023 "Informe Definitivo Gestión Fiscal Integral Auditoría Financiera y de Gestión vigencia 2022 E.S.E. Metrosalud", esta acción no se relaciona como abierta o cerrada (cuadros 23, 24, 25, pg 65, 66, 67 informe). Está ABIERTA en PAPEL DE TRABAJO PT 03-PF EVALUACIÓN PLAN DE MEJORAMIENTO de la contraloría Julio 2024: Se evidencia cumplimiento de requisitos en los contratos posteriores a los hallazgos (informe de evaluación tecnica de ofertas - PA 03 FR 40, la cual analiza que se cumplan los requisitos habilitantes, entre otros anexar CD con las hojas de vida y soportes del personal requerido). Cumplimiento: 100%, Efectividad 0% Agosto 2024: Pendiente valoracion de las evidencias por parte de la Contraloria Distrital. Cumplimiento: 100% - Efectividad Septiembre 2024: Pendiente valoracion de las evidencias por parte de la Contraloria Distrital. Cumplimiento: 100% - Efectividad 100% Octubre 2024: Pendiente valoracion de las evidencias por parte de la Contraloria Distrital. Cumplimiento: 100% - Efectividad 100% Noviembre 2024: Pendiente valoracion de las evidencias por parte de la Contraloria Distrital. Cumplimiento: 100% - Efectividad 100% Diciembre 2024: Pendiente valoración de las evidencias por parte de la Contraloría Distrital de Medellín. Enero 2025: Pendiente valoración de las evidencias por parte de la Contraloría Distrital de Medellín. Febrero 2025: Pendiente valoración de las evidencias por parte de la Contraloría Distrital de Medellín. Marzo 2025: Se realizó seguimiento conjunto con la Contraloría Distrital de Medellín y ellos están evaluando las evidencias durante la Auditoría Financiera y de Gestión de la vigencia 2024. Abril 2025: Se realizó seguimiento conjunto con la Contraloría Distrital de Medellín y ellos están evaluando las evidencias durante la Auditoría Financiera y de Gestión de la vigencia 2024. Mayo 2025: Se realizó seguimiento conjunto con la Contraloría Distrital de Medellín y ellos están evaluando las evidencias durante la Auditoría Financiera y de Gestión de la vigencia 2024. Junio 2025: Actualmente la Contraloría Distrital de Medellín está realizando la auditoría para la vigencia 2024, y está realizando la verificación de las evidencias de esta acción. Julio 2025: Actualmente la Contraloría Distrital de Medellín está realizando la auditoría para la vigencia 2024, y está realizando la verificación de las evidencias de esta acción. Agosto 2025: Posterior a la auditoría de gestión de la Contraloría Distrital de Medellín vigencia 2024, se está a la espera de los resultados del informe para el cierre del hallazgo. Septiembre 2025: Se cierra esta acción de acuerdo con el informe definitivo de la Auditoria Financiera, de Gestión y Resultados vigencia 2024, emitido por la Contraloría Distrital de Medellín en septiembre de 2025. ESTADO: CERRADA - Verificado en Informe Definitivo Auditoria Financiera, de Gestión y Resultados vigencia 2024, con fecha de septiembre 2025. | Q11: =IF(OR(F11="",M11="",M11=""),"-",IF(AND(M11=100%,N11=100%),"Cerrada","Abierta")) -> Cerrada | R11: =IF(F11="",0,1) -> 1 | V11: Dirección de Contratación | AF11: ='[5]F-CF-RC-012'!K11 -> Dirección Administrativa - supervision del contrato | AG11: ='[5]F-CF-RC-012'!L11 -> Jhon Bayron Restrepo Jaramillo
A12: Auditoría Regular vigencia 2019 | B12: 44183 | C12: 5 | D12: Deficiencias en el proceso de selección del proveedor, incumplimiento al Manual de Contratación de la ESE Metrosalud: En la negociación adelantada entre la ESE Metrosalud y la firma Almera Information Management S.A.S, contrato 3143 de 2019. Se contempló la implementación de la plataforma como una de las obligaciones del proveedor, esta obligación hace parte integral del contrato, y es fundamental para poder hacer uso de la plataforma; el arrendador mediante factura N°1993 del 19 de diciembre de 2019, solicita cancelar el valor de $19’040.000 correspondiente a la implementación y puesta en marcha de la plataforma Almera Healt. Como se dejó evidenciado en el presente informe, con la propuesta presentada por la empresa Isolución su oferta comercial presentada fue la más económica en este componente, en virtud de que dentro de ella se incluye el componente “Implementación”, ofertado por valor de $17’992.800, se estaría cumpliendo con lo establecido en la ley 42 de 1993, artículos 8. Ahora bien, en vista que dicho ítem fue entregado por el proveedor el 5 de diciembre de 2019, y que fue recibido a entera satisfacción por parte de la ESE, y posteriormente facturado y pagado, a razón de $19’040.000, valor bruto, se tasa el hallazgo en $1’047.200,00; que es la diferencia del valor facturado por Almera Information Management S.A.S y con respecto al valor que cotizó la empresa Isolución por el mismo concepto. La irregularidad se materializa con el pago efectuado por la ESE, el día 13 de mayo de 2020 bajo la Orden de Pago TPGE-221359, con la cual cancelan a la firma contratista el valor acordado por la implementación; afectando con ello la situación financiera de la Entidad de Salud. Adicionalmente, la E.S.E Metrosalud estaría vulnerando lo estipulado en la Constitución Política Nacional, capítulo 5 de la Función Administrativa, Artículo 209. Esta observación, igualmente es constitutiva como falta gravísima, de acuerdo con lo establecido en el Código Disciplinario Único o la Ley 734 de 2020, libro II, capítulo I Faltas Gravísimas, Articulo 48, numeral 31. La anterior situación se estaría presentando por incumplimiento de requisitos legales, lo cual puede afectar el patrimonio de la empresa. | E12: Con Incidencia Administrativa, Fiscal y Disciplinaria | F12: Elaborar un formato de estudio de mercado para el caso que se requiera, a fin de diferenciar las cotizaciones del estudio de mercado de las ofertas presentadas dentro de los procesos de selección | G12: 44201 | H12: 44561 | I12: Diferenciar dentro del expediente las cotizaciones que hace parte de un estudio de mercado de las ofertas propias del proceso de selección | J12: 44377 | K12: Dirección de Contratación | L12: =VLOOKUP(K12,'DEPENDENCIAS-RESPONSABLES'!B:C,2,FALSE) -> Esperanza Peñaranda Pineda (Directora Operativa de Contratación) | M12: 1 | N12: 1 | O12: Enero 2022: Continua abierta Mayo 2022 Seguimiento Abril - Mayo 2022 - La oportunidad de mejora se encuentra cerrada, ya se incluyó en el formato Estudio de Mercado con código PA03 FR 456 alojado en Almera Noviembre 2022: Cerrada Abril 2024: De acuerdo con el informe de la Contraloría de agosto 2023 "Informe Definitivo Gestión Fiscal Integral Auditoría Financiera y de Gestión vigencia 2022 E.S.E. Metrosalud", esta acción quedó CERRADA (cuadro 25, pg 67-informe). Está CERRADA en PAPEL DE TRABAJO PT 03-PF EVALUACIÓN PLAN DE MEJORAMIENTO de la contraloría. Observación Contraloría: Se verificó el formato en Almera el cual está vigente a partir del 05/03/2022. En la revisión contractual realizada por el equipo auditor a la vigenia 2022, no se evidenció la utilización del formato. Sin embargo se consultó al área de contratación quienes informaron que le formato se ha utilizado en la vigencia 2023 para los procesos de insumos generales, vigencia futuras y en algunos procesos menores. Se evidencia la utilización del formato en el contrato 3374-2023. Por lo tanto la acción se cierra. ESTADO: Cerrada | Q12: =IF(OR(F12="",M12="",M12=""),"-",IF(AND(M12=100%,N12=100%),"Cerrada","Abierta")) -> Cerrada | R12: =IF(F12="",0,1) -> 1 | V12: Dirección de Contratación | AF12: ='[5]F-CF-RC-012'!K12 -> Dirección Administrativa - supervision del contrato | AG12: ='[5]F-CF-RC-012'!L12 -> Jhon Bayron Restrepo Jaramillo
A13: Auditoría Regular vigencia 2019 | B13: 44183 | C13: 6 | D13: Deficiencias en el proceso de selección del proveedor, incumplimiento al manual de contratación de la ESE Metrosalud: La ESE Metrosalud y Almera Information Management S.A.S, pactaron por el uso mensual del módulo Almera SGC un valor de $1’990.000,00 y por el módulo mecanismos de integración (Gestión de Actas y Grupos Primarios) $640.000; para un total de $2’630.000, con la empresa ISOLUCION las mismas funcionalidades valen $1’100.000. Dado que a la fecha Almera Information Management SAS solo ha facturado por el servicio del módulo mecanismos de integración, se estaría configurando la violación al principio de eficiencia en $640.000, dado que el servicio fue cancelado bajo Orden de Pago TPGE-221359 del 13 de mayo de 2020. Por consiguiente, Se estaría configurando vulneración al principio de eficiencia consagrado en la ley 42 de 1993, artículos 8°, toda vez que dentro de la oferta presentada por Isolucion este módulo estaba incluido en el componente Isolucion Gestión, el cual se ofertó por $1’100.000,00; mientras Almera Information Management S.A.S ofrece en módulos separados lo que Isolucion Gestión hace en un solo módulo. La irregularidad señalada en los párrafos precedentes, obedecen a la falta de aplicación rigurosa de las normas y principios que en materia contractual rigen a Metrosalud, y permiten garantizar la gestión pública bajo lineamientos de economía, eficiencia y eficacia. En consecuencia, el valor de $640.000 cancelados a la firma Almera Information Management S.A.S por el módulo mecanismos de integración, afecta la situación financiera de la ESE Metrosalud | E13: Con Incidencia Administrativa, Fiscal y Disciplinaria | F13: Elaborar un formato de estudio de mercado para el caso que se requiera, a fin de diferenciar las cotizaciones del estudio de mercado de las ofertas presentadas dentro de los procesos de selección | G13: 44201 | H13: 44561 | I13: Diferenciar dentro del expediente las cotizaciones que hace parte de un estudio de mercado de las ofertas propias del proceso de selección | J13: 44377 | K13: Dirección de Contratación | L13: =VLOOKUP(K13,'DEPENDENCIAS-RESPONSABLES'!B:C,2,FALSE) -> Esperanza Peñaranda Pineda (Directora Operativa de Contratación) | M13: 1 | N13: 1 | O13: Enero 2022: Continua abierta Mayo 2022: Seguimiento Abril - Mayo 2022 - La oportunidad de mejora se encuentra cerrada, ya se incluyó en el formato Estudio de Mercado con código PA03 FR 456 alojado en Almera Noviembre 2022: Cerrada Abril 2024: De acuerdo con el informe de la Contraloría de agosto 2023 "Informe Definitivo Gestión Fiscal Integral Auditoría Financiera y de Gestión vigencia 2022 E.S.E. Metrosalud", esta acción quedó CERRADA (cuadro 25, pg 67-informe). Está CERRADA en PAPEL DE TRABAJO PT 03-PF EVALUACIÓN PLAN DE MEJORAMIENTO de la contraloría. Observación Contraloría: Se verificó el formato en Almera el cual está vigente a partir del 05/03/2022. En la revisión contractual realizada por el equipo auditor a la vigenia 2022, no se evidenció la utilización del formato. Sin embargo se consultó al área de contratación quienes informaron que le formato se ha utilizado en la vigencia 2023 para los procesos de insumos generales, vigencia futuras y en algunos procesos menores. Se evidencia la utilización del formato en el contrato 3374-2023. Por lo tanto la acción se cierra. ESTADO: Cerrada | Q13: =IF(OR(F13="",M13="",M13=""),"-",IF(AND(M13=100%,N13=100%),"Cerrada","Abierta")) -> Cerrada | R13: =IF(F13="",0,1) -> 1 | V13: Dirección de Contratación | AF13: ='[5]F-CF-RC-012'!K13 -> Dirección Administrativa - supervision del contrato | AG13: ='[5]F-CF-RC-012'!L13 -> Jhon Bayron Restrepo Jaramillo
A14: Auditoría Regular vigencia 2019 | B14: 44183 | C14: 7 | D14: Deficiencias en el proceso de selección del proveedor, incumplimiento al manual de contratación de la ESE Metrosalud: Con los hechos que a continuación se describen, en relación con el proceso contractual para el arrendamiento de software como servicios (SaaS). Se desprenden una serie de deficiencias: No velar por que la adquisición se efectuara basados en estudios de igualdad en condiciones técnicas y bajo la oferta más económica. Se observa incumplimiento por parte de la administración de la Empresa Social del Estado, al no dar estricto cumplimiento a su Estatuto Contractual. Se detectó una irregularidad que contraria lo referente al estatuto de contratación, Acuerdo 252 de 2014, artículo 3° - Principios: “Toda Contratación que realice METROSLAUD se hará bajo criterios de eficiencia y eficacia de la Administración, garantizando la libre competencia y los principios de la buena fe, de igualdad, moralidad, transparencia, publicidad, calidad, economía, responsabilidad, celeridad, imparcialidad, debido proceso, participación, coordinación, planeación y autonomía de la voluntad de partes. (…)” Igualmente, se vulnera lo fijado en el artículo 15, del señalado estatuto, Fase de Selección: “La ESE Metrosalud seleccionará la oferta más favorable teniendo en cuenta las normas aplicables a cada modalidad de selección del contratista, las cuales se desarrollan en el capítulo IV”. Lo estipulado en los artículos 3° y 15° del Estatuto de Contratación, permite establecer que la ESE debió contemplar como criterio habilitante las ofertas económicas presentadas por los demás proponentes. Si bien es cierto dentro de la evaluación “EXPLORACIÓN DE MERCADO SOFTWARE SISTEMAS DE GESTIÓN”, se elaboró un comparativo de propuestas, el aspecto económico no se consideró al momento de realizar la selección. Por su parte, en atención a lo establecido en el Manual de Contratación de Metrosalud, se puede concluir que, dado los hechos antes mencionados, se vulnera igualmente lo allí determinado por incumplimiento de los principios de economía y planeación, Estipulado en el numeral 1.6 PRINCIPIOS QUE RIGEN LA CONTRATACIÓN, ítem 12 y 14, respectivamente. “12) En virtud del principio de economía, la Empresa Social del Estado deberá proceder con austeridad y eficiencia en el proceso de contratación y optimizar el uso del tiempo y demás recursos, procurando el más alto nivel de calidad en las actuaciones y la protección de los derechos de las personas. 14) En virtud del principio de planeación, la Empresa Social del Estado debe hacer durante la etapa de planeación el análisis de la perspectiva legal, comercial, financiera, organizacional, técnica y de riesgo del objeto a contratar. La Entidad Estatal debe dejar constancia de este análisis en los documentos del proceso.” Así mismo, debió dar pleno cumplimiento a lo demandado en Estatuto de Contratación, Artículo 27 - Evaluación; pues en el expediente contractual no se encontró evidencia documental de haber realizado evaluación de los criterios jurídicos y financieros, a sabiendas que son requisitos habilitantes. Como se colige de todo lo antes mencionado la E.S.E no adelantó el proceso de selección con atención al artículo señalado. “Las propuestas serán evaluadas incluyendo como requisitos habilitantes los criterios jurídicos y financieros, los cuales de no cumplirse serán causales de rechazo de la propuesta; adicionalmente se realizará el análisis técnico de las propuestas de conformidad con las condiciones previamente establecidas. Aquellos procesos contractuales que superen los 300 salarios mínimos legales mensuales vigentes, deberán ser presentados al Comité de Recomendación y Adquisición para la Contratación de METROSLAUD, el cual recomendará o no al ordenador del gasto la adjudicación.” Durante la etapa precontractual (análisis de ofertas), Metrosalud debió tomar los valores sin IVA ofrecidos por la firma Isolucion, para los cuatro (4) módulos solicitados por Metrosalud; con lo cual el valor mes de arrendamiento del software sería de $3’100.000; en tanto que el valor mes contratado con la firma ALMERA INFORMATION MANAGEMENT S.A.S es de $5’290.000; la diferencia entre la propuesta y el valor contratado es de $2’190.000 por mes. Las irregularidades antes descritas, obedecen a la falta de aplicación rigurosa de las normas y principios que en materia contractual rigen a Metrosalud. Normas estás que se conciben para garantizar la gestión pública bajo lineamientos de economía, eficiencia y eficacia. | E14: Con Incidencia Administrativa y Disciplinaria | F14: Elaborar un formato de estudio de mercado para el caso que se requiera, a fin de diferenciar las cotizaciones del estudio de mercado de las ofertas presentadas dentro de los procesos de selección | G14: 44201 | H14: 44561 | I14: Diferenciar dentro del expediente las cotizaciones que hace parte de un estudio de mercado de las ofertas propias del proceso de selección | J14: 44377 | K14: Dirección de Contratación | L14: =VLOOKUP(K14,'DEPENDENCIAS-RESPONSABLES'!B:C,2,FALSE) -> Esperanza Peñaranda Pineda (Directora Operativa de Contratación) | M14: 1 | N14: 1 | O14: Enero 2022: Continua abierta Mayo 2022 - La oportunidad de mejora se encuentra cerrada, ya se incluyó en el formato Estudio de Mercado con código PA03 FR 456 alojado en Almera Noviembre 2022: Cerrada Abril 2024: De acuerdo con el informe de la Contraloría de agosto 2023 "Informe Definitivo Gestión Fiscal Integral Auditoría Financiera y de Gestión vigencia 2022 E.S.E. Metrosalud", esta acción quedó CERRADA (cuadro 25, pg 67-informe). Está CERRADA en PAPEL DE TRABAJO PT 03-PF EVALUACIÓN PLAN DE MEJORAMIENTO de la contraloría. Observación Contraloría: Se verificó el formato en Almera el cual está vigente a partir del 05/03/2022. En la revisión contractual realizada por el equipo auditor a la vigenia 2022, no se evidenció la utilización del formato. Sin embargo se consultó al área de contratación quienes informaron que le formato se ha utilizado en la vigencia 2023 para los procesos de insumos generales, vigencia futuras y en algunos procesos menores. Se evidencia la utilización del formato en el contrato 3374-2023. Por lo tanto la acción se cierra. ESTADO: Cerrada | Q14: =IF(OR(F14="",M14="",M14=""),"-",IF(AND(M14=100%,N14=100%),"Cerrada","Abierta")) -> Cerrada | R14: =IF(F14="",0,1) -> 1 | V14: Dirección de Contratación | AF14: ='[5]F-CF-RC-012'!K14 -> Dirección Administrativa - supervision del contrato | AG14: ='[5]F-CF-RC-012'!L14 -> Jhon Bayron Restrepo Jaramillo
A15: Auditoría Regular vigencia 2019 | B15: 44183 | C15: 8 | D15: Horas pagadas de más: En el contrato 3793 de 2019, cuyo objeto fue la prestación de servicios médicos y odontólogos asistenciales en las UPSS donde la ESE Metrosalud requiera de sus servicios de acuerdo con la demanda poblacional, por un valor de $342.924.200 que fue firmado e iniciado el 7 de noviembre de 2019, se pudo evidenciar en el transcurso de la auditoria que, en el cuadro de turnos enviado por el Supervisor del contrato del mes de noviembre del 2019, fueron pagadas 351 horas de más. Ente de control verificó 110 horas lo que muestra una diferencia de 48 horas de más, situación que es constitutiva de un presunto detrimento patrimonial por supuesta violación del principio de eficiencia contemplado en el articulado 8 de la ley 42 de 1993, en la medida que la asignación de los recursos no fue la más conveniente para maximizar los resultados en la ejecución del contrato 3793 de 2019, toda vez que se pagó un valor superior sin justificación alguna, lo que denota un incumplimiento de las obligaciones del Supervisor del contrato al inobservar lo dispuesto en el inciso primero del artículo 84 de la ley 1474 del 2011, que dispone: “FACULTADES Y DEBERES DE LOS SUPERVISORES Y LOS INTERVENTORES: La supervisión e interventoría contractual implica el seguimiento al ejercicio del cumplimiento obligacional por la entidad contratante sobre las obligaciones a cargo del contratista….”(…). | E15: Con Incidencia Fiscal y Administrativa | F15: Capacitación a los supervisores de contratos sobre la importancia del seguimiento a cada una de las obligaciones pactadas en el contrato | G15: 44201 | H15: 44561 | I15: Lograr Adherencia en el Manual de supervision e interventoria, y crear consiencia en el cumplimiento de las obligaciones de los supervisores | J15: 44561 | K15: Dirección de Contratación | L15: =VLOOKUP(K15,'DEPENDENCIAS-RESPONSABLES'!B:C,2,FALSE) -> Esperanza Peñaranda Pineda (Directora Operativa de Contratación) | M15: 1 | N15: 1 | O15: Enero 2022: Continua abierta Mayo 2022: Se evidencio el inicio del despliegue institucional, del cual se anexa copia de la presentacion realizada, adicionalmente se cuenta con unacronograma del año en curso donde se realizaran capacitaciones pérsonalizadas con cada supervisor Evidencia despliegue y cronograma con las fechas y contenidos (entrega del coronogrma 29 de julio) Se solicita ampliacion de la fecha para las acapacitaciones personalizadas 31/12/2022 Noviembre 2022: Se envia correo a la Direccion Administrativa, para solictar las envidencias pendientes y dar cierre Septiembre 2023: Este hallazgo continua abierto de acuerdo con el Informe Definitivo de la Auditoría Financiera y de Gestión de la vigencia 2022. Febrero 2024: Se realiza segumiento, donde los responsables de dar cumplimiento a las acciónes de mejora no presentaron avances. Abril 2024: De acuerdo con el informe de la Contraloría de agosto 2023 "Informe Definitivo Gestión Fiscal Integral Auditoría Financiera y de Gestión vigencia 2022 E.S.E. Metrosalud", esta acción quedó ABIERTA (cuadro 25, pg 67-informe). Está ABIERTA en PAPEL DE TRABAJO PT 03-PF EVALUACIÓN PLAN DE MEJORAMIENTO de la contraloría. Observación Contraloría: Se recibió evidencias de jornada de despliegue (Reinducción) realizada por la empresa a todo el personal, donde en uno de los temas se trataba el tema de manual de contratación y de supervisión. Pero no se realizó una capacitación exclusiva para los supervisores de los contratos. En los contratos evaluados aun se evidencia debilidades en la supervisión relacionadas con el seguimiento financiero, lo que ocasionó observaciones con presunta incidencia fiscal asi:: Contrato 3532-2022 servicios pagados de mas, Contrato 3219-2022 horas de transporte no utilizadas ni soportas. Con lo anterior se verifica que la acción que realizó la entidad para evitar que el hecho detectado se repitiera, no fue efectiva. Por lo tanto la acción continua abierta. Julio 2024: : Se evidencian dos capacitaciones realizadas (una en 2022 y otra en 2023) en el manual institucional de supervisión e interventoría de contratos codigo PA 03 MA 03, dirigido y con asistencia de los supervisores de los contratos de la ESE.Cumplimiento: 80%, Efectividad 80% Agosto 2024: Pendiente evidencias del cumplimiento por parte de los responsables. Sin avances a la fecha. Cumplimiento: 80% - Efectividad 80% Septiembre 2024: Pendiente evidencias del cumplimiento por parte de los responsables. Sin avances a la fecha. Cumplimiento: 80% - Efectividad 80% Octubre 2024: Pendiente evidencias del cumplimiento por parte de los responsables. Sin avances a la fecha. Cumplimiento: 80% - Efectividad 80% Noviembre 2024: Pendiente evidencias del cumplimiento por parte de los responsables. Sin avances a la fecha. Cumplimiento: 80% - Efectividad 80% Diciembre 2024: Seguimiento Oficina Control Interno y Evaluación: adjuntan evidencias de la capacitación a los supervisores de contratos sobre la importancia del seguimiento a cada una de las obligaciones pactadas en el contrato. cumplimiento 100%. Enero 2025: Pendiente completar las evidencias de las acciones de mejora, por parte de los responsables del cumplimiento Febrero 2025: Pendiente completar las evidencias de las acciones de mejora, por parte de los responsables del cumplimiento. Marzo 2025: Se realizó seguimiento conjunto con la Contraloría Distrital de Medellín y ellos están evaluando las evidencias durante la Auditoría Financiera y de Gestión de la vigencia 2024. Abril 2025: Se realizó seguimiento conjunto con la Contraloría Distrital de Medellín y ellos están evaluando las evidencias durante la Auditoría Financiera y de Gestión de la vigencia 2024. Mayo 2025: Se realizó seguimiento conjunto con la Contraloría Distrital de Medellín y ellos están evaluando las evidencias durante la Auditoría Financiera y de Gestión de la vigencia 2024. Junio 2025: Actualmente la Contraloría Distrital de Medellín está realizando la auditoría para la vigencia 2024, y está realizando la verificación de las evidencias de esta acción. Julio 2025: Actualmente la Contraloría Distrital de Medellín está realizando la auditoría para la vigencia 2024, y está realizando la verificación de las evidencias de esta acción. Agosto 2025: Posterior a la auditoría de gestión de la Contraloría Distrital de Medellín vigencia 2024, se está a la espera de los resultados del informe para el cierre del hallazgo. Septiembre 2025: Se cierra esta acción de acuerdo con el informe definitivo de la Auditoria Financiera, de Gestión y Resultados vigencia 2024, emitido por la Contraloría Distrital de Medellín en septiembre de 2025. ESTADO: CERRADA - Verificado en Informe Definitivo Auditoria Financiera, de Gestión y Resultados vigencia 2024, con fecha de septiembre 2025. | Q15: =IF(OR(F15="",M15="",M15=""),"-",IF(AND(M15=100%,N15=100%),"Cerrada","Abierta")) -> Cerrada | R15: =IF(F15="",0,1) -> 1 | V15: Dirección de Contratación | AF15: ='[5]F-CF-RC-012'!K15 -> Dirección Administrativa - supervision del contrato | AG15: ='[5]F-CF-RC-012'!L15 -> Jhon Bayron Restrepo Jaramillo
A16: Auditoría Regular vigencia 2019 | B16: 44183 | C16: 9 | D16: Horas pagadas por capacitación a médicos: En el contrato 3172 de 2019, cuyo objeto fue la prestación de servicios asistenciales en la UPSS donde la ESE Metrosalud requiera sus servicios, por un valor de $420.000.000, que fue firmado e iniciado el 4 de julio de 2019 y que además tuvo ampliación hasta el 31 de octubre de 2019 con una adición de $210.000.000, en el transcurso de la auditoria se pudo evidenciar en los cuadros de turnos, que se pagaron CAPACITACIONES a los médicos, odontólogos y administración; durante los meses de julio hasta octubre de 2019, por un valor de $20.784.555, el cual no se encuentra contemplado en el contrato ni en los estudios previos dichas capacitaciones, incumpliendo así la cláusula CUARTA.OBLIGACIONES DE FEDSALUD: “El contratista asumirá la responsabilidad científica, profesional y legal correspondiente a los procesos de promoción, prevención y recuperación de la salud en los ámbitos ambulatorios, hospitalarios y prehospitalarios, así como la adecuada generación, manejo y reporte de la información de salud derivada de los procesos asistenciales de los servicios que estarán a su cargo, con el recurso humano debidamente calificado, el cual quedará soporte en las hojas de vida”. situación que es constitutiva de un presunto detrimento patrimonial por supuesta violación del principio de eficiencia contemplado en el articulado 8 de la ley 42 de 1993, en la medida que la asignación de los recursos no fue la más conveniente para maximizar los resultados, en la ejecución del contrato 3172 de 2019 toda vez que se pagó un valor superior sin justificación alguna, lo que denota un incumplimiento de las obligaciones del Supervisor del contrato al inobservar lo dispuesto en el inciso primero del artículo 84 de la ley 1474 del 2011, que dispone: “FACULTADES Y DEBERES DE LOS SUPERVISORES Y LOS INTERVENTORES la supervisión e interventoría contractual implica el seguimiento al ejercicio del cumplimiento obligacional por “la entidad contratante sobre las obligaciones a cargo del contratista….”(…)” | E16: Con Incidencia Fiscal y Administrativa | F16: Capacitación a los supervisores de contratos sobre la importancia del seguimiento a cada una de las obligaciones pactadas en el contrato | G16: 44201 | H16: 44561 | I16: Lograr Adherencia en el Manual de supervision e interventoria, y crear consiencia en el cumplimiento de las obligaciones de los supervisores | J16: 44561 | K16: Dirección de Contratación | L16: =VLOOKUP(K16,'DEPENDENCIAS-RESPONSABLES'!B:C,2,FALSE) -> Esperanza Peñaranda Pineda (Directora Operativa de Contratación) | M16: 1 | N16: 1 | O16: Enero 2022: Continua abierta Mayo 2022: Se evidencio el inicio del despliegue institucional, del cual se anexa copia de la presentacion realizada, adicionalmente se cuenta con unacronograma del año en curso donde se realizaran capacitaciones pérsonalizadas con cada supervisor Evidencia despliegue y cronograma con las fechas y contenidos (entrega del coronogrma 29 de julio) Se solicita ampliacion de la fecha para las acapacitaciones personalizadas 31/12/2022 Noviembre 2022: Se envia correo a la Direccion Administrativa, para solictar las envidencias pendientes y dar cierre Septiembre 2023: Este hallazgo continua abierto de acuerdo con el Informe Definitivo de la Auditoría Financiera y de Gestión de la vigencia 2022. Febrero 2024: Se realiza segumiento, donde los responsables de dar cumplimiento a las acciónes de mejora no presentaron avances. Abril 2024: De acuerdo con el informe de la Contraloría de agosto 2023 "Informe Definitivo Gestión Fiscal Integral Auditoría Financiera y de Gestión vigencia 2022 E.S.E. Metrosalud", esta acción quedó ABIERTA (cuadro 25, pg 67-informe). Está ABIERTA en PAPEL DE TRABAJO PT 03-PF EVALUACIÓN PLAN DE MEJORAMIENTO de la contraloría. Observación Contraloría: Se recibió evidencias de jornada de despliegue (Reinducción) realizada por la empresa a todo el personal, donde en uno de los temas se trataba el tema de manual de contratación y de supervisión. Pero no se realizó una capacitación exclusiva para los supervisores de los contratos. En los contratos evaluados aun se evidencia debilidades en la supervisión relacionadas con el seguimiento financiero, lo que ocasionó observaciones con presunta incidencia fiscal asi:: Contrato 3532-2022 servicios pagados de mas, Contrato 3219-2022 horas de transporte no utilizadas ni soportas. Con lo anterior se verifica que la acción que realizó la entidad para evitar que el hecho detectado se repitiera, no fue efectiva. Por lo tanto la acción continua abierta. Julio 2024: : Se evidencian dos capacitaciones realizadas (una en 2022 y otra en 2023) en el manual institucional de supervisión e interventoría de contratos codigo PA 03 MA 03, dirigido y con asistencia de los supervisores de los contratos de la ESE. Cumplimiento: 80%, Efectividad 80% Agosto 2024: Pendiente evidencias del cumplimiento por parte de los responsables. Sin avances a la fecha. Cumplimiento: 80% - Efectividad 80% Septiembre 2024: Pendiente evidencias del cumplimiento por parte de los responsables. Sin avances a la fecha. Cumplimiento: 80% - Efectividad 80% Octubre 2024: Pendiente evidencias del cumplimiento por parte de los responsables. Sin avances a la fecha. Cumplimiento: 80% - Efectividad 80% Noviembre 2024: Pendiente evidencias del cumplimiento por parte de los responsables. Sin avances a la fecha. Cumplimiento: 80% - Efectividad 80% Diciembre 2024: Seguimiento Oficina Control Interno y Evaluación: adjuntan evidencias de la capacitación a los supervisores de contratos sobre la importancia del seguimiento a cada una de las obligaciones pactadas en el contrato. cumplimiento 100%. Enero 2025: Pendiente completar las evidencias de las acciones de mejora por parte de los responsables del cumplimiento. Febrero 2025: Pendiente completar las evidencias de las acciones de mejora por parte de los responsables del cumplimiento. Marzo 2025: Se realizó seguimiento conjunto con la Contraloría Distrital de Medellín y ellos están evaluando las evidencias durante la Auditoría Financiera y de Gestión de la vigencia 2024. Abril 2025: Se realizó seguimiento conjunto con la Contraloría Distrital de Medellín y ellos están evaluando las evidencias durante la Auditoría Financiera y de Gestión de la vigencia 2024. Mayo 2025: Se realizó seguimiento conjunto con la Contraloría Distrital de Medellín y ellos están evaluando las evidencias durante la Auditoría Financiera y de Gestión de la vigencia 2024. Junio 2025: Actualmente la Contraloría Distrital de Medellín está realizando la auditoría para la vigencia 2024, y está realizando la verificación de las evidencias de esta acción. Julio 2025: Actualmente la Contraloría Distrital de Medellín está realizando la auditoría para la vigencia 2024, y está realizando la verificación de las evidencias de esta acción. Agosto 2025: Posterior a la auditoría de gestión de la Contraloría Distrital de Medellín vigencia 2024, se está a la espera de los resultados del informe para el cierre del hallazgo. Septiembre 2025: Se cierra esta acción de acuerdo con el informe definitivo de la Auditoria Financiera, de Gestión y Resultados vigencia 2024, emitido por la Contraloría Distrital de Medellín en septiembre de 2025. ESTADO: CERRADA - Verificado en Informe Definitivo Auditoria Financiera, de Gestión y Resultados vigencia 2024, con fecha de septiembre 2025. | Q16: =IF(OR(F16="",M16="",M16=""),"-",IF(AND(M16=100%,N16=100%),"Cerrada","Abierta")) -> Cerrada | R16: =IF(F16="",0,1) -> 1 | V16: Dirección de Contratación | AF16: ='[5]F-CF-RC-012'!K16 -> Dirección Administrativa - supervision del contrato | AG16: ='[5]F-CF-RC-012'!L16 -> Jhon Bayron Restrepo Jaramillo
A17: Auditoría Regular vigencia 2019 | B17: 44183 | C17: 10 | D17: Reconocimiento y pagos de horas por capacitaciones a contratistas: En el contrato 3793 de 2019, cuyo objeto fue la prestación de servicios médicos y odontólogos asistenciales en las UPSS donde la ESE Metrosalud requiera de sus servicios de acuerdo a la demanda poblacional, por un valor de $342.924.200, que fue firmado e iniciado el 7 de noviembre de 2019, en el transcurso de la auditoria se pudo evidenciar en el cuadro de turnos, que se pagó CAPACITACION por dos horas a la odontóloga Brenda Yulieth Betancur Builes, durante el mes de diciembre de 2019 por un valor de $45.000. Esta capacitación no se encuentra contemplada en el contrato ni en los estudios previos, incumpliendo así la cláusula CUARTA.OBLIGACIONES DE FEDSALUD: “El contratista asumirá la responsabilidad científica, profesional y legal correspondiente a los procesos de promoción, prevención y recuperación de la salud en los ámbitos ambulatorios, hospitalarios y prehospitalarios, así como la adecuada generación, manejo y reporte de la información de salud derivada de los procesos asistenciales de los servicios que estarán a su cargo, con el recurso humano debidamente calificado, el cual quedará soporte en las hojas de vida” | E17: Administrativa | F17: Capacitación a los supervisores de contratos sobre la importancia del seguimiento a cada una de las obligaciones pactadas en el contratos | G17: 44201 | H17: 44561 | I17: Lograr Adherencia en el Manual de supervision e interventoria, y crear consiencia en el cumplimiento de las obligaciones de los supervisores | J17: 44561 | K17: Dirección de Contratación | L17: =VLOOKUP(K17,'DEPENDENCIAS-RESPONSABLES'!B:C,2,FALSE) -> Esperanza Peñaranda Pineda (Directora Operativa de Contratación) | M17: 1 | N17: 1 | O17: Enero 2022: Continua abierta Mayo 2022: Se evidencio el inicio del despliegue institucional, del cual se anexa copia de la presentacion realizada, adicionalmente se cuenta con unacronograma del año en curso donde se realizaran capacitaciones pérsonalizadas con cada supervisor Evidencia despliegue y cronograma con las fechas y contenidos (entrega del coronogrma 29 de julio) Se solicita ampliacion de la fecha para las acapacitaciones personalizadas 31/12/2022 Noviembre 2022: Se envia correo a la Direccion Administrativa, para solictar las envidencias pendientes y dar cierre Septiembre 2023: Este hallazgo continua abierto de acuerdo con el Informe Definitivo de la Auditoría Financiera y de Gestión de la vigencia 2022. Febrero 2024: Se realiza segumiento, donde los responsables de dar cumplimiento a las acciónes de mejora no presentaron avances. Abril 2024: De acuerdo con el informe de la Contraloría de agosto 2023 "Informe Definitivo Gestión Fiscal Integral Auditoría Financiera y de Gestión vigencia 2022 E.S.E. Metrosalud", esta acción quedó ABIERTA (cuadro 25, pg 67-informe). Está ABIERTA en PAPEL DE TRABAJO PT 03-PF EVALUACIÓN PLAN DE MEJORAMIENTO de la contraloría. Observación Contraloría: Se recibió evidencias de jornada de despliegue (Reinducción) realizada por la empresa a todo el personal, donde en uno de los temas se trataba el tema de manual de contratación y de supervisión. Pero no se realizó una capacitación exclusiva para los supervisores de los contratos. En los contratos evaluados aun se evidencia debilidades en la supervisión relacionadas con el seguimiento financiero, lo que ocasionó observaciones con presunta incidencia fiscal asi:: Contrato 3532-2022 servicios pagados de mas, Contrato 3219-2022 horas de transporte no utilizadas ni soportas. Con lo anterior se verifica que la acción que realizó la entidad para evitar que el hecho detectado se repitiera, no fue efectiva. Por lo tanto la acción continua abierta. Julio 2024: : Se evidencian dos capacitaciones realizadas (una en 2022 y otra en 2023) en el manual institucional de supervisión e interventoría de contratos codigo PA 03 MA 03, dirigido y con asistencia de los supervisores de los contratos de la ESE. Cumplimiento: 80%, Efectividad 80% Agosto 2024: Pendiente evidencias del cumplimiento por parte de los responsables. Sin avances a la fecha.Cumplimiento: 80% - Efectividad 80% Septiembre 2024: Pendiente evidencias del cumplimiento por parte de los responsables. Sin avances a la fecha.Cumplimiento: 80% - Efectividad 80% Octubre 2024: Pendiente evidencias del cumplimiento por parte de los responsables. Sin avances a la fecha.Cumplimiento: 80% - Efectividad 80% Noviembre 2024: Pendiente evidencias del cumplimiento por parte de los responsables. Sin avances a la fecha.Cumplimiento: 80% - Efectividad 80% Diciembre 2024: Seguimiento Oficina Control Interno y Evaluación: adjuntan evidencias de la capacitación a los supervisores de contratos sobre la importancia del seguimiento a cada una de las obligaciones pactadas en el contrato. cumplimiento 100%.. Enero 2025: Aun está pendiente completar las evidencias de las acciones de mejora por parte de los responsables del cumplimiento. Febrero 2025: Aun está pendiente completar las evidencias de las acciones de mejora por parte de los responsables del cumplimiento. Marzo 2025: Se realizó seguimiento conjunto con la Contraloría Distrital de Medellín y ellos están evaluando las evidencias durante la Auditoría Financiera y de Gestión de la vigencia 2024. Abril 2025: Se realizó seguimiento conjunto con la Contraloría Distrital de Medellín y ellos están evaluando las evidencias durante la Auditoría Financiera y de Gestión de la vigencia 2024 . Mayo 2025: Se realizó seguimiento conjunto con la Contraloría Distrital de Medellín y ellos están evaluando las evidencias durante la Auditoría Financiera y de Gestión de la vigencia 2024. Junio 2025: Actualmente la Contraloría Distrital de Medellín está realizando la auditoría para la vigencia 2024, y está realizando la verificación de las evidencias de esta acción. Julio 2025: Actualmente la Contraloría Distrital de Medellín está realizando la auditoría para la vigencia 2024, y está realizando la verificación de las evidencias de esta acción. Agosto 2025: Posterior a la auditoría de gestión de la Contraloría Distrital de Medellín vigencia 2024, se está a la espera de los resultados del informe para el cierre del hallazgo. Septiembre 2025: Se cierra esta acción de acuerdo con el informe definitivo de la Auditoria Financiera, de Gestión y Resultados vigencia 2024, emitido por la Contraloría Distrital de Medellín en septiembre de 2025. ESTADO: CERRADA - Verificado en Informe Definitivo Auditoria Financiera, de Gestión y Resultados vigencia 2024, con fecha de septiembre 2025. | Q17: =IF(OR(F17="",M17="",M17=""),"-",IF(AND(M17=100%,N17=100%),"Cerrada","Abierta")) -> Cerrada | R17: =IF(F17="",0,1) -> 1 | V17: Dirección de Contratación | AF17: ='[5]F-CF-RC-012'!K17 -> Dirección Administrativa - supervision del contrato | AG17: ='[5]F-CF-RC-012'!L17 -> Jhon Bayron Restrepo Jaramillo
A18: Auditoría Regular vigencia 2019 | B18: 44183 | C18: 11 | D18: Mayor valor pagado en servicios de salud: En el contrato 1581 de 2019, suscrito con la Federación Gremial de Trabajadores de la Salud-FEDSALUD, cuyo objeto es prestar los servicios especializados de anestesia, para los procedimientos quirúrgicos y la consulta preanestésica en las unidades hospitalarias de la Empresa Social del Estado Metrosalud que tengan en su portafolio servicios quirúrgicos, con un plazo de ejecución del 12 de marzo al 31 de diciembre de 2019, por valor de $1.200.000.000. Al revisar el cuadro de turnos por los servicios prestados en la UPSS de Manrique en las fechas del 12 al 25 de marzo de 2019, se determina que se canceló un mayor valor de $11.332.512, toda vez que multiplicadas las horas de acuerdo a lo pactado en contrato de anestesia obstetricia las 24 horas en turnos de (7 a.m. y 7 p.m.) y de (7 p.m. a 7 a.m.) (24h/día x 14 días = 336 horas + 6 h/semana x 2 semanas =12 del servicio de anestesiología ginecológica electiva, total horas en 14 días = 348 x $78.698 = $27.386.904.), se facturaron y pagaron 492 horas por $38.719.416, para una diferencia de: $38.719.416 - $27.386.904 = 11.332.512, según orden de pago Nro. 209924 del 8 de octubre de 2019. Lo anterior evidencia incumplimiento en el valor de la tarifa pactada, afectando el principio fiscal de la eficiencia; esta situación se estaría generando por falta de seguimiento y control a las actividades y cláusulas del contrato, incumplimiento por parte del Supervisor del contrato de las funciones establecidas en el inciso primero del artículo 84 de la ley 1474 de 2011, en concordancia con el Manual de supervisión e interventoría de la E.S.E Metrosalud, trayendo como consecuencia pérdida de recursos de la ESE y detrimento patrimonial | E18: Con Incidencia Administrativa, Fiscal y Disciplinaria | F18: Capacitación a los supervisores de contratos sobre la importancia del seguimiento a cada una de las obligaciones pactadas en el contratos | G18: 44201 | H18: 44561 | I18: Lograr Adherencia en el Manual de supervision e interventoria, y crear consiencia en el cumplimiento de las obligaciones de los supervisores | J18: 44561 | K18: Dirección de Contratación | L18: =VLOOKUP(K18,'DEPENDENCIAS-RESPONSABLES'!B:C,2,FALSE) -> Esperanza Peñaranda Pineda (Directora Operativa de Contratación) | M18: 1 | N18: 1 | O18: Enero 2022: Continua abierta Mayo 2022: Se evidencio el inicio del despliegue institucional, del cual se anexa copia de la presentacion realizada, adicionalmente se cuenta con unacronograma del año en curso donde se realizaran capacitaciones pérsonalizadas con cada supervisor Evidencia despliegue y cronograma con las fechas y contenidos (entrega del coronogrma 29 de julio) Se solicita ampliacion de la fecha para las acapacitaciones personalizadas 31/12/2022 Noviembre 2022: Se envia correo a la Direccion Administrativa, para solictar las envidencias pendientes y dar cierre Septiembre 2023: Este hallazgo continua abierto de acuerdo con el Informe Definitivo de la Auditoría Financiera y de Gestión de la vigencia 2022. Febrero 2024: Se realiza segumiento, donde los responsables de dar cumplimiento a las acciónes de mejora no presentaron avances. Abril 2024: De acuerdo con el informe de la Contraloría de agosto 2023 "Informe Definitivo Gestión Fiscal Integral Auditoría Financiera y de Gestión vigencia 2022 E.S.E. Metrosalud", esta acción quedó ABIERTA (cuadro 25, pg 67-informe). Está ABIERTA en PAPEL DE TRABAJO PT 03-PF EVALUACIÓN PLAN DE MEJORAMIENTO de la contraloría. Observación Contraloría: Se recibió evidencias de jornada de despliegue (Reinducción) realizada por la empresa a todo el personal, donde en uno de los temas se trataba el tema de manual de contratación y de supervisión. Pero no se realizó una capacitación exclusiva para los supervisores de los contratos. En los contratos evaluados aun se evidencia debilidades en la supervisión relacionadas con el seguimiento financiero, lo que ocasionó observaciones con presunta incidencia fiscal asi:: Contrato 3532-2022 servicios pagados de mas, Contrato 3219-2022 horas de transporte no utilizadas ni soportas. Con lo anterior se verifica que la acción que realizó la entidad para evitar que el hecho detectado se repitiera, no fue efectiva. Por lo tanto la acción continua abierta. Julio 2024: : Se evidencian dos capacitaciones realizadas (una en 2022 y otra en 2023) en el manual institucional de supervisión e interventoría de contratos codigo PA 03 MA 03, dirigido y con asistencia de los supervisores de los contratos de la ESE. Cumplimiento: 80%, Efectividad 80% Agosto 2024: Pendiente evidencias del cumplimiento por parte de los responsables. Sin avances a la fecha. Cumplimiento: 80% - Efectividad 80%. Septiembre 2024: Pendiente evidencias del cumplimiento por parte de los responsables. Sin avances a la fecha. Cumplimiento: 80% - Efectividad 80%. Octubre 2024: Pendiente evidencias del cumplimiento por parte de los responsables. Sin avances a la fecha. Cumplimiento: 80% - Efectividad 80%. Noviembre 2024: Pendiente evidencias del cumplimiento por parte de los responsables. Sin avances a la fecha. Cumplimiento: 80% - Efectividad 80% Diciembre 2024: Seguimiento Oficina Control Interno y Evaluación: adjuntan evidencias de la capacitación a los supervisores de contratos sobre la importancia del seguimiento a cada una de las obligaciones pactadas en el contrato. cumplimiento 100%. Enero 2025: Aun está pendiente completar las evidencias de las acciones de mejora por parte de los responsables del cumplimiento. Febrero 2025: Aun está pendiente completar las evidencias de las acciones de mejora por parte de los responsables del cumplimiento. Marzo 2025: Se realizó seguimiento conjunto con la Contraloría Distrital de Medellín y ellos están evaluando las evidencias durante la Auditoría Financiera y de Gestión de la vigencia 2024. Abril 2025: Se realizó seguimiento conjunto con la Contraloría Distrital de Medellín y ellos están evaluando las evidencias durante la Auditoría Financiera y de Gestión de la vigencia 2024. Mayo 2025: Se realizó seguimiento conjunto con la Contraloría Distrital de Medellín y ellos están evaluando las evidencias durante la Auditoría Financiera y de Gestión de la vigencia 2024. Junio 2025: Actualmente la Contraloría Distrital de Medellín está realizando la auditoría para la vigencia 2024, y está realizando la verificación de las evidencias de esta acción. Julio 2025: Actualmente la Contraloría Distrital de Medellín está realizando la auditoría para la vigencia 2024, y está realizando la verificación de las evidencias de esta acción. Agosto 2025: Posterior a la auditoría de gestión de la Contraloría Distrital de Medellín vigencia 2024, se está a la espera de los resultados del informe para el cierre del hallazgo. Septiembre 2025: Se cierra esta acción de acuerdo con el informe definitivo de la Auditoria Financiera, de Gestión y Resultados vigencia 2024, emitido por la Contraloría Distrital de Medellín en septiembre de 2025. ESTADO: CERRADA - Verificado en Informe Definitivo Auditoria Financiera, de Gestión y Resultados vigencia 2024, con fecha de septiembre 2025. | Q18: =IF(OR(F18="",M18="",M18=""),"-",IF(AND(M18=100%,N18=100%),"Cerrada","Abierta")) -> Cerrada | R18: =IF(F18="",0,1) -> 1 | V18: Dirección de Contratación | AF18: ='[5]F-CF-RC-012'!K18 -> Dirección Administrativa - supervision del contrato | AG18: ='[5]F-CF-RC-012'!L18 -> Jhon Bayron Restrepo Jaramillo
A19: Auditoría Regular vigencia 2019 | B19: 44183 | C19: 12 | D19: Pago de actividades no pactadas en el contrato: En el contrato sindical Nro. 3850 de 2019, suscrito con el Sindicato Nacional de Ginecología y Obstetricia – SOGOS-, cuyo objeto fue "Prestación de servicios profesionales especializados de Ginecología y obstetricia tanto en consulta externa como en cirugía, imagenología y cirugía ambulatoria a la población atendida en la Unidad Hospitalaria de Manrique y/o en las demás unidades Hospitalarias de la ESE Metrosalud que requiera de estos servicios”, por valor de $280.000.000 el plazo de ejecución del contrato fue del 16 al 31 de diciembre de 2019, se pagaron 28 horas nocturnas por atenciones no pactadas en el contrato, equivalentes a $2.072.700. Para el Centro de Atención Nuevo Occidente solo se contempló el servicio en el día, situación que causo un mayor valor pagado sin que se mediara una modificación u otrosí al contrato, observándose falta de supervisión en el desarrollo de las actividades contratadas. | E19: Con Incidencia Administrativa, Fiscal y Disciplinaria | F19: Capacitación a los supervisores de contratos sobre la importancia del seguimiento a cada una de las obligaciones pactadas en el contratos | G19: 44201 | H19: 44561 | I19: Lograr Adherencia en el Manual de supervision e interventoria, y crear consiencia en el cumplimiento de las obligaciones de los supervisores | J19: 44561 | K19: Dirección de Contratación | L19: =VLOOKUP(K19,'DEPENDENCIAS-RESPONSABLES'!B:C,2,FALSE) -> Esperanza Peñaranda Pineda (Directora Operativa de Contratación) | M19: 1 | N19: 1 | O19: Enero 2022: Continua abierta Mayo 2022: Se evidencio el inicio del despliegue institucional, del cual se anexa copia de la presentacion realizada, adicionalmente se cuenta con unacronograma del año en curso donde se realizaran capacitaciones pérsonalizadas con cada supervisor Evidencia despliegue y cronograma con las fechas y contenidos (entrega del coronogrma 29 de julio) Se solicita ampliacion de la fecha para las acapacitaciones personalizadas 31/12/2022 Noviembre 2022: Se envia correo a la Direccion Administrativa, para solictar las envidencias pendientes y dar cierre Septiembre 2023: Este hallazgo continua abierto de acuerdo con el Informe Definitivo de la Auditoría Financiera y de Gestión de la vigencia 2022. Febrero 2024: Se realiza segumiento, donde los responsables de dar cumplimiento a las acciónes de mejora no presentaron avances. Abril 2024: De acuerdo con el informe de la Contraloría de agosto 2023 "Informe Definitivo Gestión Fiscal Integral Auditoría Financiera y de Gestión vigencia 2022 E.S.E. Metrosalud", esta acción quedó ABIERTA (cuadro 25, pg 67-informe). Está ABIERTA en PAPEL DE TRABAJO PT 03-PF EVALUACIÓN PLAN DE MEJORAMIENTO de la contraloría. Observación Contraloría: Se recibió evidencias de jornada de despliegue (Reinducción) realizada por la empresa a todo el personal, donde en uno de los temas se trataba el tema de manual de contratación y de supervisión. Pero no se realizó una capacitación exclusiva para los supervisores de los contratos. En los contratos evaluados aun se evidencia debilidades en la supervisión relacionadas con el seguimiento financiero, lo que ocasionó observaciones con presunta incidencia fiscal asi:: Contrato 3532-2022 servicios pagados de mas, Contrato 3219-2022 horas de transporte no utilizadas ni soportas. Con lo anterior se verifica que la acción que realizó la entidad para evitar que el hecho detectado se repitiera, no fue efectiva. Por lo tanto la acción continua abierta. Julio 2024: : Se evidencian dos capacitaciones realizadas (una en 2022 y otra en 2023) en el manual institucional de supervisión e interventoría de contratos codigo PA 03 MA 03, dirigido y con asistencia de los supervisores de los contratos de la ESE. Cumplimiento: 80%, Efectividad 80% Agosto 2024: Pendiente evidencias del cumplimiento por parte de los responsables. Sin avances a la fecha. Cumplimiento: 80% - Efectividad 80%. Septiembre 2024: Pendiente evidencias del cumplimiento por parte de los responsables. Sin avances a la fecha. Cumplimiento: 80% - Efectividad 80%. Octubre 2024: Pendiente evidencias del cumplimiento por parte de los responsables. Sin avances a la fecha. Cumplimiento: 80% - Efectividad 80%. Noviembre 2024: Pendiente evidencias del cumplimiento por parte de los responsables. Sin avances a la fecha. Cumplimiento: 80% - Efectividad 80%. Diciembre 2024: Seguimiento Oficina Control Interno y Evaluación: adjuntan evidencias de la capacitación a los supervisores de contratos sobre la importancia del seguimiento a cada una de las obligaciones pactadas en el contrato. cumplimiento 100%. Enero 2025: Aun está pendiente completar las evidencias de las acciones de mejora por parte de los responsables del cumplimiento. Febrero 2025: Aun está pendiente completar las evidencias de las acciones de mejora por parte de los responsables del cumplimiento. Marzo 2025: Se realizó seguimiento conjunto con la Contraloría Distrital de Medellín y ellos están evaluando las evidencias durante la Auditoría Financiera y de Gestión de la vigencia 2024. Abril 2025: Se realizó seguimiento conjunto con la Contraloría Distrital de Medellín y ellos están evaluando las evidencias durante la Auditoría Financiera y de Gestión de la vigencia 2024. Mayo 2025: Se realizó seguimiento conjunto con la Contraloría Distrital de Medellín y ellos están evaluando las evidencias durante la Auditoría Financiera y de Gestión de la vigencia 2024. Junio 2025: Actualmente la Contraloría Distrital de Medellín está realizando la auditoría para la vigencia 2024, y está realizando la verificación de las evidencias de esta acción. Julio 2025: Actualmente la Contraloría Distrital de Medellín está realizando la auditoría para la vigencia 2024, y está realizando la verificación de las evidencias de esta acción. Agosto 2025: Posterior a la auditoría de gestión de la Contraloría Distrital de Medellín vigencia 2024, se está a la espera de los resultados del informe para el cierre del hallazgo. Septiembre 2025: Se cierra esta acción de acuerdo con el informe definitivo de la Auditoria Financiera, de Gestión y Resultados vigencia 2024, emitido por la Contraloría Distrital de Medellín en septiembre de 2025. ESTADO: CERRADA - Verificado en Informe Definitivo Auditoria Financiera, de Gestión y Resultados vigencia 2024, con fecha de septiembre 2025. | Q19: =IF(OR(F19="",M19="",M19=""),"-",IF(AND(M19=100%,N19=100%),"Cerrada","Abierta")) -> Cerrada | R19: =IF(F19="",0,1) -> 1 | V19: Dirección de Contratación | AF19: ='[5]F-CF-RC-012'!K19 -> Dirección Administrativa - supervision del contrato | AG19: ='[5]F-CF-RC-012'!L19 -> Jhon Bayron Restrepo Jaramillo
A20: Auditoría Regular vigencia 2019 | B20: 44183 | C20: 13 | D20: Pago de contrato sin el cumplimiento del objeto: La ESE Metrosalud suscribió el contrato Nro. 1373 de 2019, con la firma “Los Abogados y Consultores S.A.S.” cuyo objeto era la “Prestación de servicios profesionales para la recuperación de la cartera corriente o morosa del FOSYGA actualmente ADRES en las etapas prejurídica y jurídica representando la ESE Metrosalud, por valor de $30.000.000. El contratista no cumplió con el objeto del contrato toda vez que solo se pudo evidenciar, que realizó como única actividad el trámite de un oficio de solicitud de una medida cautelar, ante la Comisión Interamericana de Derechos Humanos –Sistema OEA, por la cual la ESE canceló la suma de $23.800.000 incluido IVA., la cual estaba inmersa dentro de las obligaciones del contratista, además no se dio ninguna recuperación de cartera y no se evidencia el cumplimiento de las obligaciones pactadas en el contrato, situación que es constitutiva de un presunto detrimento patrimonial por supuesta violación del principio de eficacia contemplado en el artículo octavo de la Ley 42 de 1993, toda vez que no se cumplió con las metas y fines propuestos en el objeto del contrato, pues se pagó la suma de $23.800.000 por el trámite de un oficio de solicitud de una medida cautelar ante la Comisión Interamericana de Derechos Humanos –Sistema OEA, situación que se presenta por la falta de cumplimiento de las funciones por parte del Supervisor del contrato, al autorizar un pago sin justificación alguna, incumpliendo con lo dispuesto en inciso primero del artículo 84 de la Ley 1474 de 2011, que dispone: “FACULTADES Y DEBERES DE LOS SUPERVISORES Y LOS INTERVENTORES. La supervisión e interventoría contractual implica el seguimiento al ejercicio del cumplimiento obligacional por la entidad contratante sobre las obligaciones a cargo del contratista” (…), | E20: Con Incidencia Administrativa, Fiscal y Disciplinaria | F20: Capacitación a los supervisores de contratos sobre la importancia del seguimiento a cada una de las obligaciones pactadas en el contratos | G20: 44201 | H20: 44561 | I20: Lograr Adherencia en el Manual de supervision e interventoria, y crear consiencia en el cumplimiento de las obligaciones de los supervisores | J20: 44561 | K20: Dirección de Contratación | L20: =VLOOKUP(K20,'DEPENDENCIAS-RESPONSABLES'!B:C,2,FALSE) -> Esperanza Peñaranda Pineda (Directora Operativa de Contratación) | M20: 1 | N20: 1 | O20: Enero 2022: Continua abierta Mayo 2022: Se evidencio el inicio del despliegue institucional, del cual se anexa copia de la presentacion realizada, adicionalmente se cuenta con unacronograma del año en curso donde se realizaran capacitaciones pérsonalizadas con cada supervisor Evidencia despliegue y cronograma con las fechas y contenidos (entrega del coronogrma 29 de julio) Se solicita ampliacion de la fecha para las acapacitaciones personalizadas 31/12/2022 Noviembre 2022: Se verifican las evidencias del despliegue realizado y los listados de asistencia Abril 2024: De acuerdo con el informe de la Contraloría de agosto 2023 "Informe Definitivo Gestión Fiscal Integral Auditoría Financiera y de Gestión vigencia 2022 E.S.E. Metrosalud", esta acción quedó CERRADA (cuadro 25, pg 67-informe). Está CERRADA en PAPEL DE TRABAJO PT 03-PF EVALUACIÓN PLAN DE MEJORAMIENTO de la contraloría. Observación contraloria: Se recibió evidencias de jornada de despliegue (Reinducción) realizada por la empresa a todo el personal, donde en uno de los temas se trataba el tema de manual de contratación y de supervisión. Pero no se realizó una capacitación exclusiva para los supervisores de los contratos. En los contratos evaluados no se presentó este hecho, por lo tanto la acción se cierra. ESTADO: Cerrada | Q20: =IF(OR(F20="",M20="",M20=""),"-",IF(AND(M20=100%,N20=100%),"Cerrada","Abierta")) -> Cerrada | R20: =IF(F20="",0,1) -> 1 | V20: Dirección de Contratación | AF20: ='[5]F-CF-RC-012'!K20 -> Dirección Administrativa - supervision del contrato | AG20: ='[5]F-CF-RC-012'!L20 -> Jhon Bayron Restrepo Jaramillo
A21: Auditoría Regular vigencia 2019 | B21: 44183 | C21: 14 | D21: Deficiencias en la supervisión, control, coordinación y vigilancia de contratos: En los contratos relacionados a continuación se evidenció la falta de informes intermedios de supervisión e informe definitivo del contrato en el ejercicio de las funciones técnicas, administrativas, financieras y contables: Contrato 1238 de 2019, suscrito con INDUSTRIAS MEDICAS SAN PEDRO, cuyo objeto “Entregar por su cuenta a título de venta y mediante la modalidad de entregas parciales los materiales de Osteosíntesis correspondiente a los sistemas de Clavícula en Titanio”, por valor de $ 1.760.000.000. Situaciones estas que se presentaron por la inobservancia de las funciones por parte del Supervisor de los contratos, toda vez que no se realizó un adecuado control y seguimiento a la actividad contractual, incumpliendo así con el inciso primero del artículo 84 de la ley 1474 de 2011, que dispone: “FACULTADES Y DEBERES DE LOS SUPERVISORES Y LOS INTERVENTORES. La supervisión e interventoría contractual implica el seguimiento al ejercicio del cumplimiento obligacional por la entidad contratante sobre las obligaciones a cargo del contratista” (…), en concordancia con el “Manual de Supervisión e interventoría Código: MA0701010214. Versión: 02. Vigente a partir de: 11/07/2014. Página: 2 de 22.”. RESPONSABILIDADES DE LOS INTERVENTORES Y SUPERVISORES. 1. Funciones administrativas. 2. Funciones Técnicas. 3 Funciones Financieras. 4. Funciones Legales”, | E21: Con Incidencia Administrativa y Disciplinaria | F21: Capacitación a los supervisores de contratos sobre la importancia del seguimiento a cada una de las obligaciones pactadas en el contratos | G21: 44201 | H21: 44561 | I21: Lograr Adherencia en el Manual de supervision e interventoria, y crear consiencia en el cumplimiento de las obligaciones de los supervisores | J21: 44561 | K21: Dirección de Contratación | L21: =VLOOKUP(K21,'DEPENDENCIAS-RESPONSABLES'!B:C,2,FALSE) -> Esperanza Peñaranda Pineda (Directora Operativa de Contratación) | M21: 1 | N21: 1 | O21: Enero 2022: Continua abierta Mayo 2022: Se evidencio el inicio del despliegue institucional, del cual se anexa copia de la presentacion realizada, adicionalmente se cuenta con unacronograma del año en curso donde se realizaran capacitaciones pérsonalizadas con cada supervisor Evidencia despliegue y cronograma con las fechas y contenidos (entrega del coronogrma 29 de julio) Se solicita ampliacion de la fecha para las acapacitaciones personalizadas 31/12/2022 Noviembre 2022: Se envia correo a la Direccion Administrativa, para solictar las envidencias pendientes y dar cierre Septiembre 2023: Este hallazgo continua abierto de acuerdo con el Informe Definitivo de la Auditoría Financiera y de Gestión de la vigencia 2022. Febrero 2024: Se realiza segumiento, donde los responsables de dar cumplimiento a las acciónes de mejora no presentaron avances. Abril 2024: De acuerdo con el informe de la Contraloría de agosto 2023 "Informe Definitivo Gestión Fiscal Integral Auditoría Financiera y de Gestión vigencia 2022 E.S.E. Metrosalud", esta acción quedó ABIERTA (cuadro 25, pg 67-informe). Está ABIERTA en PAPEL DE TRABAJO PT 03-PF EVALUACIÓN PLAN DE MEJORAMIENTO de la contraloría. Observación Contraloría: Se recibió evidencias de jornada de despliegue (Reinducción) realizada por la empresa a todo el personal, donde en uno de los temas se trataba el tema de manual de contratación y de supervisión. Pero no se realizó una capacitación exclusiva para los supervisores de los contratos. En los contratos evaluados aun se evidencia debilidades en la supervisión relacionadas con el seguimiento financiero, lo que ocasionó observaciones con presunta incidencia fiscal asi:: Contrato 3532-2022 servicios pagados de mas, Contrato 3219-2022 horas de transporte no utilizadas ni soportas. Con lo anterior se verifica que la acción que realizó la entidad para evitar que el hecho detectado se repitiera, no fue efectiva. Por lo tanto la acción continua abierta. Julio 2024: Se evidencian dos capacitaciones realizadas (una en 2022 y otra en 2023) en el manual institucional de supervisión e interventoría de contratos codigo PA 03 MA 03, dirigido y con asistencia de los supervisores de los contratos de la ESE. Cumplimiento: 80%, Efectividad 80% Agosto 2024: Pendiente evidencias del cumplimiento por parte de los responsables. Sin avances a la fecha. Cumplimiento: 80% - Efectividad 80% Septiembre 2024: Pendiente evidencias del cumplimiento por parte de los responsables. Sin avances a la fecha. Cumplimiento: 80% - Efectividad 80% Octubre 2024: Pendiente evidencias del cumplimiento por parte de los responsables. Sin avances a la fecha. Cumplimiento: 80% - Efectividad 80% Noviembre 2024: Pendiente evidencias del cumplimiento por parte de los responsables. Sin avances a la fecha. Cumplimiento: 80% - Efectividad 80% Diciembre 2024: Seguimiento Oficina Control Interno y Evaluación: adjuntan evidencias de la capacitación a los supervisores de contratos sobre la importancia del seguimiento a cada una de las obligaciones pactadas en el contrato. cumplimiento 100%. Enero 2025: Aún queda pendiente terminar de completar las evidencias de las acciones de mejora. Febrero 2025: Aún queda pendiente terminar de completar las evidencias de las acciones de mejora. Marzo 2025: Se realizó seguimiento conjunto con la Contraloría Distrital de Medellín y ellos están evaluando las evidencias durante la Auditoría Financiera y de Gestión de la vigencia 2024 Mayo 2025: Se realizó seguimiento conjunto con la Contraloría Distrital de Medellín y ellos están evaluando las evidencias durante la Auditoría Financiera y de Gestión de la vigencia 2024. Junio 2025: Actualmente la Contraloría Distrital de Medellín está realizando la auditoría para la vigencia 2024, y está realizando la verificación de las evidencias de esta acción. Julio 2025: Actualmente la Contraloría Distrital de Medellín está realizando la auditoría para la vigencia 2024, y está realizando la verificación de las evidencias de esta acción. Agosto 2025: Posterior a la auditoría de gestión de la Contraloría Distrital de Medellín vigencia 2024, se está a la espera de los resultados del informe para el cierre del hallazgo. Septiembre 2025: Se cierra esta acción de acuerdo con el informe definitivo de la Auditoria Financiera, de Gestión y Resultados vigencia 2024, emitido por la Contraloría Distrital de Medellín en septiembre de 2025. ESTADO: CERRADA - Verificado en Informe Definitivo Auditoria Financiera, de Gestión y Resultados vigencia 2024, con fecha de septiembre 2025. | Q21: =IF(OR(F21="",M21="",M21=""),"-",IF(AND(M21=100%,N21=100%),"Cerrada","Abierta")) -> Cerrada | R21: =IF(F21="",0,1) -> 1 | V21: Dirección de Contratación | AF21: ='[5]F-CF-RC-012'!K21 -> Dirección Administrativa - supervision del contrato | AG21: ='[5]F-CF-RC-012'!L21 -> Jhon Bayron Restrepo Jaramillo
A22: Auditoría Regular vigencia 2019 | B22: 44183 | C22: 15 | D22: Pago de actividades sin la suscripción de contrato: En el contrato sindical Nro. 3850 de 2019, suscrito con el Sindicato Nacional de Ginecología y Obstetricia – SOGOS-, cuyo objeto fue "Prestación de servicios profesionales especializados de Ginecología y obstetricia tanto en consulta externa como en cirugía, imagen logía (sic) y cirugía ambulatoria a la población atendida en la Unidad Hospitalaria de Manrique y/o en las demás unidades Hospitalarias de la ESE Metrosalud que requiera de estos servicios”, por valor de $280.000.000 el plazo de ejecución del contrato fue del 16 al 31 de diciembre de 2019, y a partir de la fecha de notificación a SOGOS de la aprobación de las garantía la cual se dio el día 16 de diciembre de 2019, revisados los informes de supervisión, cuadros de turnos y las facturas de cobro presentadas por el contratista y las de recibo a satisfacción del supervisor, se observó que se pagó de más $98.194.163 por actividades que se realizaron en las fechas del 01 al 15 de diciembre de 2019, fechas en las cuales no existía contrato suscrito y estaban por fuera del término del contrato. Hechos que constituyen una violación al principio de universalidad descrito en el Acuerdo 109 del 27 de febrero de 2019, por cuanto se ejecutaron recursos públicos con cargo al tesoro Municipal ya que este obedece al convenio Nro. 4600079587 de 2019 con la Secretaría de Salud del Municipio de Medellín; además no se atendió lo preceptuado en el artículo 23 del citado acuerdo el cual señala en el inciso segundo: “Igualmente, estos Compromisos deberán contar con Registro Presupuestal para que los recursos no sean desviados a ningún otro fin… En consecuencia, no se podrán contraer obligaciones sobre apropiaciones inexistentes, o en exceso del saldo disponible, con anticipación a la apertura del crédito adicional correspondiente, o con cargo a recursos del crédito cuyos contratos no se encuentren perfeccionados, o sin que cuenten con el concepto del Área Financiera de las Empresas para comprometerlos antes de su perfeccionamiento, o sin la autorización para comprometer vigencias futuras por el Consejo Municipal de Política Fiscal, COMFIS, o quien éste delegue. El funcionario que lo haga responderá personal y pecuniariamente de las obligaciones que se originen”. Igualmente, en el artículo 24, señala “No se podrán tramitar o legalizar actos administrativos u obligaciones que afecten el presupuesto de gastos cuando no reúnan los requisitos legales o se configuren como hechos cumplidos. Los Ordenadores de Gastos responderán disciplinaria, fiscal y penalmente por incumplir lo establecido en esta norma.”. En el numeral “4.1.3.1.2. Requisitos de perfeccionamiento, Acuerdo 252 de 2014, Estatuto de Contractual de la ESE Metrosalud, describe “Los contratos que celebre Metrosalud se perfeccionaran cuando se logre por escrito el acuerdo de voluntades sobre el objeto y la contraprestación; el documento será suscrito por las partes. Situación ocasionada por una deficiente planeación y supervisión, lo que trae como consecuencia un menoscabo de los recursos del Municipio de Medellín y la ESE Metrosalud. | E22: Con Incidencia Administrativa, Fiscal y Disciplinaria | F22: Capacitación a los supervisores de contratos sobre los requisitos necesarios para dar inicio al contrato | G22: 44201 | H22: 44561 | I22: Lograr Adherencia en el Manual de supervision e interventoria | J22: 44561 | K22: Dirección de Contratación | L22: =VLOOKUP(K22,'DEPENDENCIAS-RESPONSABLES'!B:C,2,FALSE) -> Esperanza Peñaranda Pineda (Directora Operativa de Contratación) | M22: 1 | N22: 1 | O22: Enero 2022: Continua abierta Mayo 2022: Se evidencio el inicio del despliegue institucional, del cual se anexa copia de la presentacion realizada, adicionalmente se cuenta con unacronograma del año en curso donde se realizaran capacitaciones pérsonalizadas con cada supervisor Evidencia despliegue y cronograma con las fechas y contenidos (entrega del coronogrma 29 de julio) Se solicita ampliacion de la fecha para las acapacitaciones personalizadas 31/12/2022 Noviembre 2022: Se envia correo a la Direccion Administrativa, para solictar las envidencias pendientes y dar cierre Septiembre 2023: Este hallazgo continua abierto de acuerdo con el Informe Definitivo de la Auditoría Financiera y de Gestión de la vigencia 2022. Febrero 2024: Se realiza segumiento, donde los responsables de dar cumplimiento a las acciónes de mejora no presentaron avances. Abril 2024: De acuerdo con el informe de la Contraloría de agosto 2023 "Informe Definitivo Gestión Fiscal Integral Auditoría Financiera y de Gestión vigencia 2022 E.S.E. Metrosalud", esta acción quedó ABIERTA (cuadro 25, pg 67-informe). Está ABIERTA en PAPEL DE TRABAJO PT 03-PF EVALUACIÓN PLAN DE MEJORAMIENTO de la contraloría. Observación Contraloría: Se recibió evidencias de jornada de despliegue (Reinducción) realizada por la empresa a todo el personal, donde en uno de los temas se trataba el tema de manual de contratación y de supervisión. Pero no se realizó una capacitación exclusiva para los supervisores de los contratos. En los contratos evaluados aun se evidencia debilidades en la supervisión relacionadas con el seguimiento financiero, lo que ocasionó observaciones con presunta incidencia fiscal asi:: Contrato 3532-2022 servicios pagados de mas, Contrato 3219-2022 horas de transporte no utilizadas ni soportas. Con lo anterior se verifica que la acción que realizó la entidad para evitar que el hecho detectado se repitiera, no fue efectiva. Por lo tanto la acción continua abierta. Julio 2024: : Se evidencian dos capacitaciones realizadas (una en 2022 y otra en 2023) en el manual institucional de supervisión e interventoría de contratos codigo PA 03 MA 03, dirigido y con asistencia de los supervisores de los contratos de la ESE. Cumplimiento: 80%, Efectividad 80% Agosto 2024: Pendiente evidencias del cumplimiento por parte de los responsables. Sin avances a la fecha. Cumplimiento: 80% - Efectividad 80% Septiembre 2024: Pendiente evidencias del cumplimiento por parte de los responsables. Sin avances a la fecha. Cumplimiento: 80% - Efectividad 80% Octubre 2024: Pendiente evidencias del cumplimiento por parte de los responsables. Sin avances a la fecha. Cumplimiento: 80% - Efectividad 80% Noviembre 2024: Pendiente evidencias del cumplimiento por parte de los responsables. Sin avances a la fecha. Cumplimiento: 80% - Efectividad 80% Diciembre 2024: Seguimiento Oficina Control Interno y Evaluación: adjuntan evidencias de la capacitación a los supervisores de contratos sobre la importancia del seguimiento a cada una de las obligaciones pactadas en el contrato. cumplimiento 100%. Enero 2025: Aún queda pendiente terminar de completar las evidencias de las acciones de mejora. Febrero 2025: Aún queda pendiente terminar de completar las evidencias de las acciones de mejora. Marzo 2025: Se realizó seguimiento conjunto con la Contraloría Distrital de Medellín y ellos están evaluando las evidencias durante la Auditoría Financiera y de Gestión de la vigencia 2024. Abril 2025: Se realizó seguimiento conjunto con la Contraloría Distrital de Medellín y ellos están evaluando las evidencias durante la Auditoría Financiera y de Gestión de la vigencia 2024. Mayo 2025: Se realizó seguimiento conjunto con la Contraloría Distrital de Medellín y ellos están evaluando las evidencias durante la Auditoría Financiera y de Gestión de la vigencia 2024. Junio 2025: Actualmente la Contraloría Distrital de Medellín está realizando la auditoría para la vigencia 2024, y está realizando la verificación de las evidencias de esta acción. Julio 2025: Actualmente la Contraloría Distrital de Medellín está realizando la auditoría para la vigencia 2024, y está realizando la verificación de las evidencias de esta acción. Agosto 2025: Posterior a la auditoría de gestión de la Contraloría Distrital de Medellín vigencia 2024, se está a la espera de los resultados del informe para el cierre del hallazgo. Septiembre 2025: Se cierra esta acción de acuerdo con el informe definitivo de la Auditoria Financiera, de Gestión y Resultados vigencia 2024, emitido por la Contraloría Distrital de Medellín en septiembre de 2025. ESTADO: CERRADA - Verificado en Informe Definitivo Auditoria Financiera, de Gestión y Resultados vigencia 2024, con fecha de septiembre 2025. | Q22: =IF(OR(F22="",M22="",M22=""),"-",IF(AND(M22=100%,N22=100%),"Cerrada","Abierta")) -> Cerrada | R22: =IF(F22="",0,1) -> 1 | V22: Dirección de Contratación | AF22: ='[5]F-CF-RC-012'!K22 -> Dirección Administrativa - supervision del contrato | AG22: ='[5]F-CF-RC-012'!L22 -> Jhon Bayron Restrepo Jaramillo
... A26: Auditoría Regular vigencia 2019 | B26: 44183 | C26: 19 | D26: Debilidades en la rendición de la información de los contratos: En la revisión del módulo Contratación, se evidenció que no se diligencia la totalidad de las casillas del formato de rendición de la cuenta, especialmente en el reporte consolidado de contratos por fecha de rendición y presupuesto por contratos en la Plataforma Gestión Transparente, hecho que se evidenció en la rendición del año 2019, pues se encontró que la Entidad subió la información de los contratos con errores tales como fecha de inicio y fecha de terminación del contrato; objeto contractual; valor inicial del contrato; datos de la identificación del Supervisor; ID del Interventor; y tipo de Interventor y si es vinculado o externo, igualmente, contratos reportados con el mismo número varias veces, entre otros; esto se presenta no obstante, que la ESE Metrosalud tiene habilitada la opción de Carga Masiva de información en el Aplicativo Gestión Transparente que le facilita y agiliza el reporte de la información contractual de manera mensual. Lo anterior por falta de controles, generando información que afecta la calidad y que poco confiable para el ejercicio del control fiscal por parte del equipo auditor y aún para la misma Entidad, por reporte de inconsistencias, incumpliendo lo establecido en las Resoluciones 170 de 2017 y 079 de 2019, de la Contraloría General de Medellín, por medio de las cuales se expiden las versiones 8 y 9, respectivamente, sobre Rendición y Revisión de la Cuenta e Informes para el Municipio de Medellín y sus entidades descentralizadas; y el artículo 101 de la Ley 42 de 1993, que dispone “Los contralores impondrán multas a los servidores públicos y particulares que manejen fondos o bienes del Estado, hasta por el valor de cinco (5) salarios devengados por el sancionado a quienes...; no rindan las cuentas e informes exigidos o no lo hagan en la forma y oportunidad establecidos para ellas;… de cualquier manera entorpezcan o impidan el cabal cumplimiento de las funciones asignadas a las contralorías o no les suministren oportunamente las informaciones solicitadas…” | E26: Con Incidencia Administrativa y Disciplinaria | F26: Se destinara con la empresa Xenco unas horas de desarrollo a fin de contar con un validador de tal manera que antes de enviar la informacion se encuentren las posibles inconsistencias | G26: 44201 | H26: 44561 | I26: Evitar errores es la rendicion de la informacion a traves del aplicativo gestion transparente | J26: 44561 | K26: Dirección de Contratación | L26: =VLOOKUP(K26,'DEPENDENCIAS-RESPONSABLES'!B:C,2,FALSE) -> Esperanza Peñaranda Pineda (Directora Operativa de Contratación) | M26: 1 | N26: 1 | O26: Enero 2022: Continua abierta Mayo 2022: Se verifica la orden de compra numero 2043 de 2022, con la empresa H C INTELIGENCIA DE NEGOCIOS S.A.S, para la prestacion de servicios de mesa de ayuda, mantenimiento y vigencia tecnologica de la herramienta de carga masiva de informacion general de ocntrato, proyectos, contratistas, interventores, pagos, rubros presupuestales y anexos de pagos ene l aplicativo gestion transparente apartir de archivos planos tipo XML generadas desde la entidad de control para la ESE METROSALUD, vigente a partir 24 de enero de 2022 Evidencia: Orden de compra numero 2043 de 2022 Nota: Con este contrato se evita incurrir en los errores en mecion. Noviembre 2022: Cerrada Septiembre 2023: Este hallazgo continua abierto de acuerdo con el Informe Definitivo de la Auditoría Financiera y de Gestión de la vigencia 2022. Febrero 2024: Se realiza segumiento, donde los responsables de dar cumplimiento a las acciónes de mejora no presentaron avances Abril 2024: De acuerdo con el informe de la Contraloría de agosto 2023 "Informe Definitivo Gestión Fiscal Integral Auditoría Financiera y de Gestión vigencia 2022 E.S.E. Metrosalud", esta acción quedó ABIERTA (cuadro 25, pg 67-informe). Está ABIERTA en PAPEL DE TRABAJO PT 03-PF EVALUACIÓN PLAN DE MEJORAMIENTO de la contraloría. Observación de la contraloría: Se revisa evidencia aportada por el ente de control (Orden de compra 2043) . Se determina dejar la acción abierta porque en los contratos evaluadosaun se presentaron inconsistencias en la rendición contractual: En el contrato 3881-2022, se encontró inconsistencia en los pagos rendidos: un pago rendido doble (TPGE-303441) y los pagos TPGE 287076 y 289686 se rinden con diferencias. Contrato 6242-2022, se rinden dos pagos dobles el TPGE 306067 y el 305934 El pago TPGE 306067 rendido con valor errado, el valor del pago fue $357.322.855 y se rindió $344.599.086, No se rinde la adición No. 3 por $10,746,002 realizada el 01/01/2023 ni la información presupuestal de dicho evento. Contrato 3219-2022: No se rinde los eventos de terminación y liquidación. Contrato 3245-2022: No se rinde los eventos de la liquidación ni la segunda prórroga realizada el 30/12/2022, El registro presupuestal que se rinde para la adición del 30/06/2022 es diferente a la registrada en el expediente se rinde la 2203876 y la correcta es la 2207836 Julio 2024: Sin evidencias de avance en la acción de mejoramiento por parte de los responsables del cumplimiento, sin embargo, solicitaran la reformulación de la acción de mejora que existe a la fecha, porque consideran que no conduce a la mejora del hallazgo. Cumplimiento: 0%, Efectividad 0% Agosto 2024: Sin avance por parte de los responsables de la reformulación de la acción de mejora que existe a la fecha. Cumplimiento: 10% - Efectividad 10%. Septiembre 2024: Sin avance por parte de los responsables de la reformulación de la acción de mejora que existe a la fecha. Cumplimiento: 10% - Efectividad 10%. Octubre 2024: Sin avance por parte de los responsables de la reformulación de la acción de mejora que existe a la fecha. Cumplimiento: 10% - Efectividad 10%. Noviembre 2024: Sin avance por parte de los responsables de la reformulación de la acción de mejora que existe a la fecha. Cumplimiento: 10% - Efectividad 10%. Diciembre 2024: Sin avance por parte de los responsables de la reformulación de la acción de mejora que existe a la fecha. Cumplimiento: 10% - Efectividad 10%. Enero 2025: Los responsables aportan planilla de control manual del 2023, sin embargo esta evidencia no coincide con la accion de mejora planteada a la Contraloría Distrital. Febrero 2025: En proceso de avance de las evidencias por parte de los responsables del cumplimiento. Marzo 2025: Se realizó seguimiento conjunto con la Contraloría Distrital de Medellín y ellos están evaluando las evidencias durante la Auditoría Financiera y de Gestión de la vigencia 2024. Abril 2025: Se realizó seguimiento conjunto con la Contraloría Distrital de Medellín y ellos están evaluando las evidencias durante la Auditoría Financiera y de Gestión de la vigencia 2024. Mayo 2025: Se realizó seguimiento conjunto con la Contraloría Distrital de Medellín y ellos están evaluando las evidencias durante la Auditoría Financiera y de Gestión de la vigencia 2024. Junio 2025: Evidencia de avance de la acción de mejora parcial. Julio 2025: Evidencia de avance de la acción de mejora parcial. Agosto 2025: A la fecha los responsables del cumplimiento de esta acción no han entregado la totalidad de las evidencias de esta acción. Posterior a la auditoría de gestión de la Contraloría Distrital de Medellín vigencia 2024, se está a la espera de los resultados del informe para el tratamiento de esta acción. Septiembre 2025: Se cierra esta acción de acuerdo con el informe definitivo de la Auditoria Financiera, de Gestión y Resultados vigencia 2024, emitido por la Contraloría Distrital de Medellín en septiembre de 2025. ESTADO: CERRADA - Verificado en Informe Definitivo Auditoria Financiera, de Gestión y Resultados vigencia 2024, con fecha de septiembre 2025. | Q26: =IF(OR(F26="",M26="",M26=""),"-",IF(AND(M26=100%,N26=100%),"Cerrada","Abierta")) -> Cerrada | R26: =IF(F26="",0,1) -> 1 | V26: Dirección de Contratación | AF26: ='[5]F-CF-RC-012'!K26 -> Dirección Administrativa | AG26: ='[5]F-CF-RC-012'!L26 -> Jhon Bayron Restrepo Jaramillo
A27: Auditoría Regular vigencia 2019 | B27: 44183 | C27: 20 | D27: Deficiencias en la rendición de los Formatos de los planes de mejoramiento únicos y litigios y demandas: En la revisión del módulo de anexos adicionales, se evidenció que los formatos utilizados por la ESE durante el año 2019 y lo transcurrido del 2020, para rendir los Planes de Mejoramiento Únicos y Litigios y Demandas en la Plataforma Gestión Transparente, se encuentran desactualizados, pese a que al entrar en vigencia la nueva Resolución 079 del 12 de junio de 2019, versión 9, la Entidad tuvo conocimiento de la modificación toda vez que la Contraloría envió a los Sujetos de Control la Resolución y los nuevos formatos. La ESE Metrosalud rindió el “Plan de Mejoramiento Único, Auditoria Activos Fijos”, “Plan de Mejoramiento Único Consolidado”, “Copia del Plan de Mejoramiento CGM definitivo 21022020” y “Formulación Plan Único de Mejoramiento CGM Auditoria Especial Contratación para el COVID-19 2020 Vigencia 2020”, en el formato FP AR 03 Versión 06; todos ellos se debieron haber rendido en el formato el F-CF-RC-004. De otro lado, la ESE Metrosalud, el 17 de febrero de 2020, rindió el informe de Litigios y Demandas en el Formato FP AR 04 Versión 06, y debió haberlo rendido en el formato “F-CF-RC-011 Informe de Litigios y Demandas”. Estas inconsistencias se presentan por debilidades en los controles para el ingreso de la información al aplicativo de Gestión Transparente, incumpliendo la Resolución 079 de 2019, afectando la calidad de la información rendida, lo que podría generar incertidumbre en la información rendida y sanciones por el incumplimiento de la normativa aplicable. | E27: Administrativa | F27: Rendir la informacion de la vigencia 2021 en los formatos establecidos para ello | G27: 44201 | H27: 44286 | I27: Que la informacion a rendir se realice en los formatos establecidos para ello | J27: 44286 | K27: Oficina Jurídica, Oficina de Control Interno y Evaluación | L27: =VLOOKUP(K27,'DEPENDENCIAS-RESPONSABLES'!B:C,2,FALSE) -> Adriana María Velásquez Arango (Jefe Oficina Jurídica), Henry Darío Muñoz Montoya (Jefe Oficina de Control Interno y Evaluación) | M27: 1 | N27: 1 | O27: Enero 2022: Se cierra la accion, por cumplimiento en la Rendcion de la informacion de la vigencia 2021 en los formatos establecidos para ello. Este seguimiento se realizo bajo los parametros de la resolcuin 079 de junio de 2019 Mayo 2022: Cerrada Noviembre 2022: Cerrada Abril 2024: De acuerdo con el informe de la Contraloría de agosto 2023 "Informe Definitivo Gestión Fiscal Integral Auditoría Financiera y de Gestión vigencia 2022 E.S.E. Metrosalud", esta acción quedó CERRADA (cuadro 25, pg 67-informe). Está CERRADA en PAPEL DE TRABAJO PT 03-PF EVALUACIÓN PLAN DE MEJORAMIENTO de la contraloría. Observación Contraloría: En la revisión realizada al PT 03 de la auditoria vigencia 2021, se observa que el equipo auditor del año pasado habia cerrado la acción, por lo tanto se voverá a notificar a la entidad que la acción estaba cerrada y no se debió rendir en este PMU ESTADO: Cerrada | Q27: =IF(OR(F27="",M27="",M27=""),"-",IF(AND(M27=100%,N27=100%),"Cerrada","Abierta")) -> Cerrada | R27: =IF(F27="",0,1) -> 1 | AB27: Oficina Jurídica | AC27: Oficina de Control Interno y Evaluación | AF27: ='[5]F-CF-RC-012'!K27 -> Oficina Asesora Juridica y Oficina de Control Interno y Evaluación | AG27: ='[5]F-CF-RC-012'!L27 -> Liliana Maria Alavrez Gloria Patricia Isaza Orduz
A28: Auditoría Regular vigencia 2019 | B28: 44183 | C28: 21 | D28: Inconsistencias en la Rendición de Cuentas: En la rendición de cuentas realizada en el aplicativo Gestión Transparente GT, se registra la información relacionada con el proyecto 002013001-2019 - “Gestionar la Red (Gastos de funcionamiento)”; pero al cruzar esta información con el Plan de Desarrollo y el Plan de Acción se observa que este proyecto no está incluido como uno de los proyectos. Igualmente, en el Plan de Desarrollo y Plan de Acción 2019 contemplaron el programa: “Gestión de la Tecnología, la información y la comunicación”, el cual hace parte de la línea estratégica 4, y que se desarrollaría a través de seis (6) proyectos; no obstante, en la información rendida a la Contraloría General de Medellín, lo registra como un único proyecto con el mismo nombre “Gestión de la Tecnología, la información y la comunicación”. Lo anterior incumpliendo lo establecido en la Resolución 079 de 2019, en términos de calidad y veracidad de la información suministrada durante una vigencia; situación que se presenta por debilidades en los controles interno inherentes a los procesos de la entidad, lo cual dificulta las labores de auditoría e impide hacer una medición correcta del cumplimiento de las metas, los recursos, la eficiencia y la eficacia, entre otros. Se configura en una | E28: Administrativa | F28: Validar que todos los proyectos del plan de desarrollo queden incluidos en el aplicativo de gestión transparente | G28: 44197 | H28: 44561 | I28: Cumplir con lo establecido en la Resolucion 079 de 2020, en términos de calidad y veracidad de la información de manera que se pueda hacer mediicon correcta del | J28: 44561 | K28: Oficina Asesora de Planeación y Desarrollo Organizacional | L28: =VLOOKUP(K28,'DEPENDENCIAS-RESPONSABLES'!B:C,2,FALSE) -> Natalia Peláez Miyar (Jefe Oficina Asesora de Planeación y Desarrollo Organizacional) | M28: 1 | N28: 1 | O28: Enero 2022: El hallazgo se cierra, toda vez que fue subsanado con el cambio en la metodologia de la formulacion del Plan de Desarrollo de la entidad 2021 - 2025 Mayo 2022: Cerrada Noviembre 2022: Cerrada Abril 2024: De acuerdo con el informe de la Contraloría de agosto 2023 "Informe Definitivo Gestión Fiscal Integral Auditoría Financiera y de Gestión vigencia 2022 E.S.E. Metrosalud", esta acción quedó CERRADA (cuadro 25, pg 67-informe). Está CERRADA en PAPEL DE TRABAJO PT 03-PF EVALUACIÓN PLAN DE MEJORAMIENTO de la contraloría. Observación contraloría: se verificó la rendición de los proyectos de acuerdo al plan de acción y plan de desarrollo actual y están bien rendidos.(Verificado con Teresita). Se cierra la acción ESTADO: Cerrada | Q28: =IF(OR(F28="",M28="",M28=""),"-",IF(AND(M28=100%,N28=100%),"Cerrada","Abierta")) -> Cerrada | R28: =IF(F28="",0,1) -> 1 | Z28: Oficina Asesora de Planeación y Desarrollo Organizacional | AF28: ='[5]F-CF-RC-012'!K28 -> Oficina Asesora de Planeación y DO | AG28: ='[5]F-CF-RC-012'!L28 -> Marta Lucia Gomez
A29: Auditoría Regular vigencia 2019 | B29: 44183 | C29: 22 | D29: Inexactitud en las cifras rendidas: en la rendición de cuenta correspondiente a los pagos del contrato N° 3720 de 2019 celebrado con la firma TEAM IT S.A.S., por valor de $83.857.559; la empresa de Salud no registró los datos en debida forma, pues dejo de reflejar los valores bruto y retenciones de cada pago. Tal como se evidencia en el cuadro anexo, tomado del sistema de información Gestión Transparente. Lo anterior por debilidades en la rendición de la cuenta, de acuerdo con lo estipulado en la Resolución 079 de 2019. Toda vez que no se rinde de manera completa lo correspondiente al pago del contrato. Eso dificulta la labor auditora, pues impide realizar una evaluación técnica y objetiva, por no registrar información confiable y veraz acorde con la realidad. Igualmente, se incumple lo dispuesto en la Resolución No 079 del 12 de junio de 2019, por medio de la cual se expide la versión 9 sobre la Rendición y Revisión de la Cuenta e Informes para el Municipio de Medellín, sus entidades descentralizadas y demás entidades y personas de manejan fondos, bienes o recursos donde tenga interés el Municipio de Medellín o dichas entidades descentralizadas, sobre las cuales la Contraloría General de Medellín ejerce control fiscal; en el artículo 13 se establece que, la información que se debe rendir, mediante el aplicativo “Gestión Transparente”; que para el caso de la información contractual de la ESE Metrosalud, ésta debe reportar en los Módulos: Planes de acción y Desarrollo, Contratación, y Anexos Adicionales. Se precisa que en el Módulo de Contratación se debe ingresar la información requerida en los campos definidos, se deben ingresar todos los eventos de los contratos, entendiéndose por evento: Inicio, adiciones, prorrogas, cesiones, pagos, entre otros. Referente al evento pagos de contratos, se deben registrar todos los pagos generados en el periodo de rendición, correspondientes a contratos en ejecución, que hayan sido suscritos en la vigencia actual o en vigencias anteriores, de acuerdo con lo indicado en el sistema de información Gestión Transparente (GT). La anterior situación se estaría presentando por no disponer de manera oportuna, en el aplicativo Gestión Transparente todos los datos e información que se deben rendir a la Contraloría General de Medellín, de acuerdo con lo previsto en el Capítulo IV de la Resolución No. 079 de 2019, en el que se determina el medio, la forma y el término de presentación de la cuenta e informes. En consecuencia, la entidad de salud se expone a la imposición de medidas correccionales o sanciones de conformidad con la Ley 42 de 1993 en su artículo 101. | E29: Administrativa | F29: Se destinara con la empresa Xenco unas horas de desarrollo a fin de contar con un validador de tal manera que antes de enviar la informacion se encuentren las posibles inconsistencias | G29: 44201 | H29: 44561 | I29: Evitar errores es la rendicion de la informacion a traves del aplicativo gestion transparente | J29: 44561 | K29: Dirección de Contratación | L29: =VLOOKUP(K29,'DEPENDENCIAS-RESPONSABLES'!B:C,2,FALSE) -> Esperanza Peñaranda Pineda (Directora Operativa de Contratación) | M29: 1 | N29: 1 | O29: Enero 2022: Continua abierta Mayo 2022: Se verifica la orden de compra numero 2043 de 2022, con la empresa H C INTELIGENCIA DE NEGOCIOS S.A.S, para la prestacion de servicios de mesa de ayuda, mantenimiento y vigencia tecnologica de la herramienta de carga masiva de informacion general de ocntrato, proyectos, contratistas, interventores, pagos, rubros presupuestales y anexos de pagos ene l aplicativo gestion transparente apartir de archivos planos tipo XML generadas desde la entidad de control para la ESE METROSALUD, vigente a partir 24 de enero de 2022 Evidencia: Orden de compra numero 2043 de 2022 Nota: Con este contrato se evita incurrir en los errores en mecion. Noviembre 2022: Cerrada Septiembre 2023: Este hallazgo continua abierto de acuerdo con el Informe Definitivo de la Auditoría Financiera y de Gestión de la vigencia 2022. Febrero 2024: Se realiza segumiento, donde los responsables de dar cumplimiento a las acciónes de mejora no presentaron avances Abril 2024: De acuerdo con el informe de la Contraloría de agosto 2023 "Informe Definitivo Gestión Fiscal Integral Auditoría Financiera y de Gestión vigencia 2022 E.S.E. Metrosalud", esta acción quedó ABIERTA (cuadro 25, pg 67-informe). Está ABIERTA en PAPEL DE TRABAJO PT 03-PF EVALUACIÓN PLAN DE MEJORAMIENTO de la contraloría. Observación de la contraloría: Se revisa evidencia aportada por el ente de control (Orden de compra 2043) , Se determina dejar la acción abierta porque en los contratos evaluadosaun se presentaron inconsistencias en la rendición contractual: En el contrato 3881-2022, se encontró inconsistencia en los pagos rendidos: un pago rendido doble (TPGE-303441) y los pagos TPGE 287076 y 289686 se rinden con diferencias. Contrato 6242-2022, se rinden dos pagos dobles el TPGE 306067 y el 305934: El pago TPGE 306067 rendido con valor errado, el valor del pago fue $357.322.855 y se rindió $344.599.086, No se rinde la adición No. 3 por $10,746,002 realizada el 01/01/2023 ni la información presupuestal de dicho evento. Contrato 3219-2022: No se rinde los eventos de terminación y liquidación. Contrato 3245-2022: No se rinde los eventos de la liquidación ni la segunda prórroga realizada el 30/12/2022, El registro presupuestal que se rinde para la adición del 30/06/2022 es diferente a la registrada en el expediente se rinde la 2203876 y la correcta es la 2207836 Julio 2024: Sin evidencias de avance en la acción de mejoramiento por parte de los responsables del cumplimiento, sin embargo, solicitaran la reformulación de la acción de mejora que existe a la fecha, porque consideran que no conduce a la mejora del hallazgo. Cumplimiento: 0%, Efectividad 0% Agosto 2024: Sin avance por parte de los responsables de la reformulación de la acción de mejora que existe a la fecha.Cumplimiento: 10% - Efectividad 10%. Septiembre 2024: Sin avance por parte de los responsables de la reformulación de la acción de mejora que existe a la fecha.Cumplimiento: 10% - Efectividad 10%.. Octubre 2024: Sin avance por parte de los responsables de la reformulación de la acción de mejora que existe a la fecha.Cumplimiento: 10% - Efectividad 10%. Noviembre 2024: Sin avance por parte de los responsables de la reformulación de la acción de mejora que existe a la fecha.Cumplimiento: 10% - Efectividad 10%. Diciembre 2024: Sin avance por parte de los responsables de la reformulación de la acción de mejora que existe a la fecha. Cumplimiento: 10% - Efectividad 10%. Enero 2025: Los responsables aportan planilla de control manual del 2023, sin embargo esta evidencia no coincide con la accion de mejora planteada a la Contraloría Distrital. Febrero 2025: En proceso de avance de la acción de mejora por parte de los responsables del cumplimiento. Marzo 2025: Se realizó seguimiento conjunto con la Contraloría Distrital de Medellín y ellos están evaluando las evidencias durante la Auditoría Financiera y de Gestión de la vigencia 2024 Abril 2025: Se realizó seguimiento conjunto con la Contraloría Distrital de Medellín y ellos están evaluando las evidencias durante la Auditoría Financiera y de Gestión de la vigencia 2024. Mayo 2025: Se realizó seguimiento conjunto con la Contraloría Distrital de Medellín y ellos están evaluando las evidencias durante la Auditoría Financiera y de Gestión de la vigencia 2024. Junio 2025: Evidencia de avance de la acción de mejora parcial. Julio 2025: Evidencia de avance de la acción de mejora parcial. Agosto 2025: A la fecha los responsables del cumplimiento de esta acción no han entregado la totalidad de las evidencias de esta acción. Posterior a la auditoría de gestión de la Contraloría Distrital de Medellín vigencia 2024, se está a la espera de los resultados del informe para el tratamiento de esta acción. Septiembre 2025: Se cierra esta acción de acuerdo con el informe definitivo de la Auditoria Financiera, de Gestión y Resultados vigencia 2024, emitido por la Contraloría Distrital de Medellín en septiembre de 2025. ESTADO: CERRADA - Verificado en Informe Definitivo Auditoria Financiera, de Gestión y Resultados vigencia 2024, con fecha de septiembre 2025. | Q29: =IF(OR(F29="",M29="",M29=""),"-",IF(AND(M29=100%,N29=100%),"Cerrada","Abierta")) -> Cerrada | R29: =IF(F29="",0,1) -> 1 | V29: Dirección de Contratación | AF29: ='[5]F-CF-RC-012'!K29 -> Dirección Administrativa - supervision del contrato | AG29: ='[5]F-CF-RC-012'!L29 -> Jhon Bayron Restrepo Jaramillo
A30: Auditoría Regular vigencia 2019 | B30: 44183 | C30: 23 | D30: Deficiencias en la rendición de cuentas: En el Módulo Planes de Acción y Desarrollo, se debió registrar todos los proyectos a ejecutarse durante la vigencia 2019 y se debió actualizar esta información de acuerdo con los cambios aprobados al Plan de Desarrollo de Metrosalud. En este orden de ideas, se debió actualizar a fin de identificar los recursos presupuestales asignados a cada proyecto, e ingresar proyectos nuevos que no habían sido considerados en un principio. En el anexo 3 “Informe de Interventoría o Supervisión”, enviado por correo electrónico el día 16 de julio de 2020, ya que éste no reposa físicamente en el expediente contractual. Se lee en el ítem “Aspectos Técnicos Durante el Desarrollo del Contrato: “Con Este contrato se ejecuta como parte del proyecto “Sistema de apoyo en Procesos Y herramientas de soporte BPM” planteado en el Plan Estratégico de Sistemas definido para el 2019 en el plan de acción institucional en la Línea Gestión de la Tecnología la Información y la Comunicación en el proyecto de Desarrollo de nuevas funcionalidades y actividad “Desarrollar e implementar mejoras administrativas”. No obstante, en la información rendida a la Contraloría General de Medellín en el aplicativo Gestión Transparente, no inscriben dicho proyecto con ese nombre; lo registraron con el nombre “Gestión de la Tecnología, la información y la comunicación”, y con el código 002008001-2019. Según lo dispuesto en la Resolución No 079 del 12 de junio de 2019 por medio de la cual se expide la versión 9 sobre la Rendición y Revisión de la Cuenta e Informes para el Municipio de Medellín, sus entidades descentralizadas y demás entidades y personas de manejan fondos, bienes o recursos donde tenga interés el Municipio de Medellín o dichas entidades descentralizadas, sobre las cuales la Contraloría General de Medellín ejerce control fiscal; en el artículo 13 se establece que, la información que se debe rendir, mediante el sistema de información “Gestión Transparente”; que para el caso de la información contractual de la ESE Metrosalud, ésta debe reportar en los Módulos: Planes de Acción y Desarrollo, Contratación, y Anexos Adicionales. Los hechos relacionados evidencian incumplimiento a lo establecido “Artículo Séptimo. Medio para la rendición de la información” de la Resolución 079 de 2019, en términos de calidad y veracidad de la información suministrada durante una vigencia, lo anterior dificulta la labor auditora, pues impide realizar una evaluación técnica. Así mismo, no permite hacer una medición técnica a partir de datos reales, dificultando la trazabilidad que se efectúa desde la plataforma a los planes, programas, proyectos, presupuesto y pagos de contratos; no se pudo realizar en su totalidad, pues o no hay datos o no son confiables. Como efecto del incumplimiento detectado, la ESE Metrosalud se estaría exponiendo, a la imposición de medidas correccionales o sanciones de conformidad con la Ley 42 de 1993 en su artículo 101, por no disponer de manera oportuna en el Sistema de Información Gestión Transparente todos los datos que se deben rendir a la Contraloría General de Medellín, de acuerdo con lo previsto en el Capítulo IV y V de la Resolución No. 079 de 2019, en el que se determina el medio, la forma y el término de presentación de la cuenta e informes. | E30: Administrativa | F30: Se destinara con la empresa Xenco unas horas de desarrollo a fin de contar con un validador de tal manera que antes de enviar la informacion se encuentren las posibles inconsistencias | G30: 44201 | H30: 44561 | I30: Evitar errores es la rendicion de la informacion a traves del aplicativo gestion transparente | J30: 44561 | K30: Dirección Administrativa | L30: =VLOOKUP(K30,'DEPENDENCIAS-RESPONSABLES'!B:C,2,FALSE) -> Adriana María Taborda Zapata (Directora Administrativa) | M30: 1 | N30: 1 | O30: Enero 2022: Continua abierta Mayo 2022: Se verifica la orden de compra numero 2043 de 2022, con la empresa H C INTELIGENCIA DE NEGOCIOS S.A.S, para la prestacion de servicios de mesa de ayuda, mantenimiento y vigencia tecnologica de la herramienta de carga masiva de informacion general de ocntrato, proyectos, contratistas, interventores, pagos, rubros presupuestales y anexos de pagos ene l aplicativo gestion transparente apartir de archivos planos tipo XML generadas desde la entidad de control para la ESE METROSALUD, vigente a partir 24 de enero de 2022 Evidencia: Orden de compra numero 2043 de 2022 Nota: Con este contrato se evita incurrir en los errores en mecion. Noviembre 2022: Cerrada Abril 2024: De acuerdo con el informe de la Contraloría de agosto 2023 "Informe Definitivo Gestión Fiscal Integral Auditoría Financiera y de Gestión vigencia 2022 E.S.E. Metrosalud", esta acción quedó CERRADA (cuadro 25, pg 67-informe). Está CERRADA en PAPEL DE TRABAJO PT 03-PF EVALUACIÓN PLAN DE MEJORAMIENTO de la contraloría. Observación Contraloría: Se revisa evidencia aportada por el la entidad (Orden de compra 2043). En la revisión contractual realizada por el equipo auditor, se verificó la efectividad de la acción en lo relacionado a la rendición de los proyectos rendidos y la vinclación de estos proyectos a cada uno de los contratos, y no se encontró inconsistencias, por lo tanto la acción se cierra. ESTADO: Cerrada | Q30: =IF(OR(F30="",M30="",M30=""),"-",IF(AND(M30=100%,N30=100%),"Cerrada","Abierta")) -> Cerrada | R30: =IF(F30="",0,1) -> 1 | W30: Dirección Administrativa | AF30: ='[5]F-CF-RC-012'!K30 -> Dirección Administrativa | AG30: ='[5]F-CF-RC-012'!L30 -> Jhon Bayron Restrepo Jaramillo
A31: Auditoría Regular vigencia 2019 | B31: 44183 | C31: 24 | D31: Deficiencias en la rendición de cuentas: En el Módulo de Contratación se debe ingresar la información requerida en los campos definidos, se deben ingresar todos los eventos de los contratos, entendiéndose por evento: Inicio, adiciones, prorrogas, cesiones, pagos, entre otros. Referente al evento pagos de contratos, se deben registrar todos los pagos generados en el periodo de rendición, correspondientes a contratos en ejecución, que hayan sido suscritos en la vigencia actual o en vigencias anteriores, de acuerdo con lo indicado en el aplicativo Gestión Transparente (GT). En la información rendida a la Contraloría General de Medellín en su plataforma, la ESE no registra todos los pagos efectuados al contratista NETUX SAS (Contrato 434 de 2019) por valor de $654 millones; es así, que de seis (6) órdenes de pago realizadas en 2019, solo han registrado cuatro (4) pagos en GT. En este orden de ideas, en el sistema de información para rendir la cuenta no se registraron los pagos correspondientes a las facturas: 576 y 617. No obstante tener comprobantes de pago número TPGE2002592 y TPGE202709, cancelados en junio 13 y 18 de 2019; respectivamente. Según lo dispuesto en la Resolución No 079 del 12 de junio de 2019 por medio de la cual se expide la versión 9 sobre la Rendición y Revisión de la Cuenta e Informes para el Municipio de Medellín, sus entidades descentralizadas y demás entidades y personas de manejan fondos, bienes o recursos donde tenga interés el Municipio de Medellín o dichas entidades descentralizadas, sobre las cuales la Contraloría General de Medellín ejerce control fiscal; en el artículo 13 se establece que, la información que se debe rendir, mediante el aplicativo Gestión Transparente; que para el caso de la información contractual de la ESE Metrosalud, ésta debe reportar en los Módulos: Planes de Acción y Desarrollo, Contratación, y Anexos Adicionales. Por no disponer de manera oportuna en el aplicativo Gestión Transparente, todos los datos e información que se deben rendir a la Contraloría General de Medellín de acuerdo con lo previsto en el Capítulo IV de la Resolución No. 079 de 2019, en el que se determina el medio, la forma y el término de presentación de la cuenta e informe, la entidad de salud se expone a la imposición de medidas correccionales o sanciones de conformidad con la Ley 42 de 1993 en su artículo 101. | E31: Administrativa | F31: Se destinara con la empresa Xenco unas horas de desarrollo a fin de contar con un validador de tal manera que antes de enviar la informacion se encuentren las posibles inconsistencias | G31: 44201 | H31: 44561 | I31: Evitar errores es la rendicion de la informacion a traves del aplicativo gestion transparente | J31: 44561 | K31: Dirección de Contratación | L31: =VLOOKUP(K31,'DEPENDENCIAS-RESPONSABLES'!B:C,2,FALSE) -> Esperanza Peñaranda Pineda (Directora Operativa de Contratación) | M31: 1 | N31: 1 | O31: Enero 2022: Continua abierta Mayo 2022: Se verifica la orden de compra numero 2043 de 2022, con la empresa H C INTELIGENCIA DE NEGOCIOS S.A.S, para la prestacion de servicios de mesa de ayuda, mantenimiento y vigencia tecnologica de la herramienta de carga masiva de informacion general de ocntrato, proyectos, contratistas, interventores, pagos, rubros presupuestales y anexos de pagos ene l aplicativo gestion transparente apartir de archivos planos tipo XML generadas desde la entidad de control para la ESE METROSALUD, vigente a partir 24 de enero de 2022 Evidencia: Orden de compra numero 2043 de 2022 Nota: Con este contrato se evita incurrir en los errores en mecion. Noviembre 2022: Cerrada Septiembre 2023: Este hallazgo continua abierto de acuerdo con el Informe Definitivo de la Auditoría Financiera y de Gestión de la vigencia 2022. Febrero 2024: Se realiza segumiento, donde los responsables de dar cumplimiento a las acciónes de mejora no presentaron avances Abril 2024: De acuerdo con el informe de la Contraloría de agosto 2023 "Informe Definitivo Gestión Fiscal Integral Auditoría Financiera y de Gestión vigencia 2022 E.S.E. Metrosalud", esta acción quedó ABIERTA (cuadro 25, pg 67-informe). Está ABIERTA en PAPEL DE TRABAJO PT 03-PF EVALUACIÓN PLAN DE MEJORAMIENTO de la contraloría. Observación de la contraloría: Se revisa evidencia aportada por el ente de control (Orden de compra 2043), Se determina dejar la acción abierta porque en los contratos evaluadosaun se presentaron inconsistencias en la rendición contractual: En el contrato 3881-2022, se encontró inconsistencia en los pagos rendidos: un pago rendido doble (TPGE-303441) y los pagos TPGE 287076 y 289686 se rinden con diferencias. Contrato 6242-2022, se rinden dos pagos dobles el TPGE 306067 y el 305934: El pago TPGE 306067 rendido con valor errado, el valor del pago fue $357.322.855 y se rindió $344.599.086, No se rinde la adición No. 3 por $10,746,002 realizada el 01/01/2023 ni la información presupuestal de dicho evento. Contrato 3219-2022: No se rinde los eventos de terminación y liquidación. Contrato 3245-2022: No se rinde los eventos de la liquidación ni la segunda prórroga realizada el 30/12/2022, El registro presupuestal que se rinde para la adición del 30/06/2022 es diferente a la registrada en el expediente se rinde la 2203876 y la correcta es la 2207836 Julio 2024: Sin evidencias de avance en la acción de mejoramiento por parte de los responsables del cumplimiento, sin embargo, solicitaran la reformulación de la acción de mejora que existe a la fecha, porque consideran que no conduce a la mejora del hallazgo. Cumplimiento: 0%, Efectividad 0% Agosto 2024: Sin avance por parte de los responsables de la reformulación de la acción de mejora que existe a la fecha.Cumplimiento: 10% - Efectividad 0%. Septiembre 2024: Sin avance por parte de los responsables de la reformulación de la acción de mejora que existe a la fecha.Cumplimiento: 10% - Efectividad 0%. Octubre 2024: Sin avance por parte de los responsables de la reformulación de la acción de mejora que existe a la fecha.Cumplimiento: 10% - Efectividad 0%. Noviembre 2024: Sin avance por parte de los responsables de la reformulación de la acción de mejora que existe a la fecha.Cumplimiento: 10% - Efectividad 0%. Diciembre 2024: Sin avance por parte de los responsables de la reformulación de la acción de mejora que existe a la fecha. Cumplimiento: 10% - Efectividad 10%. Enero 2025: Los responsables aportan planilla de control manual del 2023, sin embargo esta evidencia no coincide con la accion de mejora planteada a la Contraloría Distrital. Febrero 2025: En proceso de avance de la acción de mejora por parte de los responsables del cumplimiento. Marzo 2025: Se realizó seguimiento conjunto con la Contraloría Distrital de Medellín y ellos están evaluando las evidencias durante la Auditoría Financiera y de Gestión de la vigencia 2024. Abril 2025: Se realizó seguimiento conjunto con la Contraloría Distrital de Medellín y ellos están evaluando las evidencias durante la Auditoría Financiera y de Gestión de la vigencia 2024. Mayo 2025: Se realizó seguimiento conjunto con la Contraloría Distrital de Medellín y ellos están evaluando las evidencias durante la Auditoría Financiera y de Gestión de la vigencia 2024. Junio 2025: Evidencia de avance de la acción de mejora parcial. Julio 2025: Evidencia de avance de la acción de mejora parcial. Agosto 2025: A la fecha los responsables del cumplimiento de esta acción no han entregado la totalidad de las evidencias de esta acción. Posterior a la auditoría de gestión de la Contraloría Distrital de Medellín vigencia 2024, se está a la espera de los resultados del informe para el tratamiento de esta acción Septiembre 2025: Se cierra esta acción de acuerdo con el informe definitivo de la Auditoria Financiera, de Gestión y Resultados vigencia 2024, emitido por la Contraloría Distrital de Medellín en septiembre de 2025. ESTADO: CERRADA - Verificado en Informe Definitivo Auditoria Financiera, de Gestión y Resultados vigencia 2024, con fecha de septiembre 2025. | Q31: =IF(OR(F31="",M31="",M31=""),"-",IF(AND(M31=100%,N31=100%),"Cerrada","Abierta")) -> Cerrada | R31: =IF(F31="",0,1) -> 1 | V31: Dirección de Contratación | AF31: ='[5]F-CF-RC-012'!K31 -> Dirección Administrativa | AG31: ='[5]F-CF-RC-012'!L31 -> Jhon Bayron Restrepo Jaramillo
A32: Auditoría Regular vigencia 2019 | B32: 44183 | C32: 25 | D32: Deficiencias en la rendición de cuentas: En la rendición de cuentas realizada por la Entidad de Salud en el aplicativo Gestión Transparente, consultada el 10 de agosto de 2020, durante el ejercicio auditor; se pudo constatar que el contrato 434 de 2019 celebrado con NETX SAS por valor de $654.000.000 se asoció al proyecto “Gestionar la red (gastos de funcionamiento)”. Sin embargo, en el Plan de Desarrollo y en el Plan de Acción 2019, no figura ningún proyecto con ese nombre. Lo anterior, contraviene lo dispuesto en la Resolución No 079 del 12 de junio de 2019 por medio de la cual se expide la versión 9 sobre la Rendición y Revisión de la Cuenta e Informes para el Municipio de Medellín, sus entidades descentralizadas y demás entidades y personas de manejan fondos, bienes o recursos donde tenga interés el Municipio de Medellín o dichas entidades descentralizadas, sobre las cuales la Contraloría General de Medellín ejerce control fiscal; en el artículo 13 se establece que, la información que se debe rendir, mediante el aplicativo Gestión Transparente; que para el caso de la información contractual de la ESE Metrosalud, ésta debe reportar en los Módulos: Planes de Acción y Desarrollo, Contratación, y Anexos Adicionales. En el Módulo Planes de Acción y Desarrollo, no se registraron todos los proyectos a ejecutarse durante la vigencia 2019 y no se actualizó esta información de acuerdo con los cambios aprobados al plan de desarrollo de Metrosalud. En orden de ideas, se debe actualizar permanentemente los recursos presupuestales asignados a cada proyecto, e ingresar proyectos nuevos que no habían sido considerados en un principio. Como resultado de esta observación, Metrosalud se expone así a la imposición de medidas sancionatorias, de conformidad con la Ley 42 de 1993 en el artículo 101; por no disponer de manera precisa y oportuna en Gestión Transparente todos los datos e información que se deben rendir a la Contraloría General de Medellín de acuerdo con lo previsto en el Capítulo IV de la Resolución No. 079 de 2019, en el que se determina el medio, la forma y el término de presentación de la cuenta e informes. Adicionalmente la falta de información dificulta la labor auditora, pues impide realizar una evaluación técnica y objetiva. La trazabilidad que se efectúa desde la plataforma, a los planes, programas, proyectos, presupuesto y pagos de contratos, no se pudo realizar en su totalidad, pues o no hay datos registrados o estándolo no son confiables | E32: Administrativa | F32: Se destinara con la empresa Xenco unas horas de desarrollo a fin de contar con un validador de tal manera que antes de enviar la informacion se encuentren las posibles inconsistencias | G32: 44201 | H32: 44561 | I32: Evitar errores es la rendicion de la informacion a traves del aplicativo gestion transparente | J32: 44561 | K32: Dirección Administrativa | L32: =VLOOKUP(K32,'DEPENDENCIAS-RESPONSABLES'!B:C,2,FALSE) -> Adriana María Taborda Zapata (Directora Administrativa) | M32: 1 | N32: 1 | O32: Enero 2022: Continua abierta Mayo 2022: Se verifica la orden de compra numero 2043 de 2022, con la empresa H C INTELIGENCIA DE NEGOCIOS S.A.S, para la prestacion de servicios de mesa de ayuda, mantenimiento y vigencia tecnologica de la herramienta de carga masiva de informacion general de ocntrato, proyectos, contratistas, interventores, pagos, rubros presupuestales y anexos de pagos ene l aplicativo gestion transparente apartir de archivos planos tipo XML generadas desde la entidad de control para la ESE METROSALUD, vigente a partir 24 de enero de 2022 Evidencia: Orden de compra numero 2043 de 2022 Nota: Con este contrato se evita incurrir en los errores en mecion. Noviembre 2022: Cerrada Abril 2024: De acuerdo con el informe de la Contraloría de agosto 2023 "Informe Definitivo Gestión Fiscal Integral Auditoría Financiera y de Gestión vigencia 2022 E.S.E. Metrosalud", esta acción quedó CERRADA (cuadro 25, pg 67-informe). Está CERRADA en PAPEL DE TRABAJO PT 03-PF EVALUACIÓN PLAN DE MEJORAMIENTO de la contraloría. Observación Contraloría: Se revisa evidencia aportada por la entidad (Orden de compra 2043) realizada con HC INTELIGENCIA DE NEGOCIOS S.A.S, para la prestacion de servicios de mesa de ayuda, mantenimiento y vigencia tecnologica de la herramienta de carga masiva en GT. En la revisión contractual realizada por el equipo auditor, se verificó la efectividad de la acción en lo relacionado a la rendición de los proyectos rendidos y la vinclación de estos proyectos a cada uno de los contratos, y no se encontró inconsistencias, por lo tanto la acción se cierra. ESTADO: Cerrada | Q32: =IF(OR(F32="",M32="",M32=""),"-",IF(AND(M32=100%,N32=100%),"Cerrada","Abierta")) -> Cerrada | R32: =IF(F32="",0,1) -> 1 | W32: Dirección Administrativa | AF32: ='[5]F-CF-RC-012'!K32 -> Dirección Administrativa | AG32: ='[5]F-CF-RC-012'!L32 -> Jhon Bayron Restrepo Jaramillo
A33: Auditoría Regular vigencia 2019 | B33: 44183 | C33: 26 | D33: Deficiencias en la rendición de cuentas: Durante el proceso auditor, en el mes de septiembre de 2020 se solicitó a la ESE Metrosalud, la relación de pagos efectuados al contratista a la fecha. Una vez analizada la información remitida por la empresa; no se encontró dentro del mismo documento alguno que certificara la terminación y liquidación del contrato suscrito. Así mismo, en el aplicativo GT tampoco se ingresó la novedad de que el contrato estuviese terminado y/o liquidado. La etapa pos-contractual es fundamental dentro del proceso, en virtud de que se deben dejar claras las obligaciones cumplidas por las partes, entre ellas el valor pactado y el valor pagado; en este último caso, debe quedar claramente explicado las razones por las cuales no se pagó el valor total pactado; de esta forma evitar controversias en un futuro. Lo anterior dado que el valor pactado del contrato N°1797 de 2019 no se pagó en su totalidad. La no elaboración de la citada Acta contraviene lo establecido en el manual de contratación de la Empresa de Salud, numeral 5.2.4.6. “FASE DE LIQUIDACION Y OBLIGACIONES POSTERIORES”. Que estipula una función fundamental en el proceso contractual. Así mismo, dicho evento contractual debe ser registrado en la plataforma para la rendición de cuentas de la Contraloría General de Medellín. El incumplimiento a lo establecido en la Resolución 079 de 2019, en términos de oportunidad, calidad y veracidad de la información suministrada durante una vigencia, dificulta la labor auditora, pues impide realizar una evaluación técnica. Así mismo, no permite hacer una medición técnica a partir de datos; la trazabilidad que se efectúa desde la plataforma, a los planes, programas, proyectos, presupuesto y pagos de contratos, no se pudo realizar en su totalidad, pues o no hay datos o no son confiables. | E33: Administrativa | F33: Se destinara con la empresa Xenco unas horas de desarrollo a fin de contar con un validador de tal manera que antes de enviar la informacion se encuentren las posibles inconsistencias | G33: 44201 | H33: 44561 | I33: Evitar errores es la rendicion de la informacion a traves del aplicativo gestion transparente | J33: 44561 | K33: Dirección de Contratación | L33: =VLOOKUP(K33,'DEPENDENCIAS-RESPONSABLES'!B:C,2,FALSE) -> Esperanza Peñaranda Pineda (Directora Operativa de Contratación) | M33: 1 | N33: 1 | O33: Enero 2022: Continua abierta Mayo 2022: Se verifica la orden de compra numero 2043 de 2022, con la empresa H C INTELIGENCIA DE NEGOCIOS S.A.S, para la prestacion de servicios de mesa de ayuda, mantenimiento y vigencia tecnologica de la herramienta de carga masiva de informacion general de ocntrato, proyectos, contratistas, interventores, pagos, rubros presupuestales y anexos de pagos ene l aplicativo gestion transparente apartir de archivos planos tipo XML generadas desde la entidad de control para la ESE METROSALUD, vigente a partir 24 de enero de 2022 Evidencia: Orden de compra numero 2043 de 2022 Nota: Con este contrato se evita incurrir en los errores en mecion. Noviembre 2022: Cerrada Septiembre 2023: Este hallazgo continua abierto de acuerdo con el Informe Definitivo de la Auditoría Financiera y de Gestión de la vigencia 2022. Febrero 2024: Se realiza segumiento, donde los responsables de dar cumplimiento a las acciónes de mejora no presentaron avances Abril 2024: De acuerdo con el informe de la Contraloría de agosto 2023 "Informe Definitivo Gestión Fiscal Integral Auditoría Financiera y de Gestión vigencia 2022 E.S.E. Metrosalud", esta acción quedó ABIERTA (cuadro 25, pg 67-informe). Está ABIERTA en PAPEL DE TRABAJO PT 03-PF EVALUACIÓN PLAN DE MEJORAMIENTO de la contraloría. Observación de la contraloría: Se revisa evidencia aportada por el ente de control (Orden de compra 2043) , Se determina dejar la acción abierta porque en los contratos evaluadosaun se presentaron inconsistencias en la rendición contractual: En el contrato 3881-2022, se encontró inconsistencia en los pagos rendidos: un pago rendido doble (TPGE-303441) y los pagos TPGE 287076 y 289686 se rinden con diferencias. Contrato 6242-2022, se rinden dos pagos dobles el TPGE 306067 y el 305934: El pago TPGE 306067 rendido con valor errado, el valor del pago fue $357.322.855 y se rindió $344.599.086, No se rinde la adición No. 3 por $10,746,002 realizada el 01/01/2023 ni la información presupuestal de dicho evento. Contrato 3219-2022: No se rinde los eventos de terminación y liquidación. Contrato 3245-2022: No se rinde los eventos de la liquidación ni la segunda prórroga realizada el 30/12/2022, El registro presupuestal que se rinde para la adición del 30/06/2022 es diferente a la registrada en el expediente se rinde la 2203876 y la correcta es la 2207836 Julio 2024: Sin evidencias de avance en la acción de mejoramiento por parte de los responsables del cumplimiento, sin embargo, solicitaran la reformulación de la acción de mejora que existe a la fecha, porque consideran que no conduce a la mejora del hallazgo. Cumplimiento: 0%, Efectividad 0% Agosto 2024: Sin avance por parte de los responsables de la reformulación de la acción de mejora que existe a la fecha.Cumplimiento: 10% - Efectividad 0%. Septiembre 2024: Sin avance por parte de los responsables de la reformulación de la acción de mejora que existe a la fecha.Cumplimiento: 10% - Efectividad 0%. Octubre 2024: Sin avance por parte de los responsables de la reformulación de la acción de mejora que existe a la fecha.Cumplimiento: 10% - Efectividad 0%. Noviembre 2024: Sin avance por parte de los responsables de la reformulación de la acción de mejora que existe a la fecha.Cumplimiento: 10% - Efectividad 0%. Diciembre 2024: Sin avance por parte de los responsables de la reformulación de la acción de mejora que existe a la fecha. Cumplimiento: 10% - Efectividad 10%. Enero 2025: Los responsables aportan planilla de control manual del 2023, sin embargo esta evidencia no coincide con la accion de mejora planteada a la Contraloría Distrital. Febrero 2025: En proceso de avance de la acción de mejora por parte de los responsables del cumplimiento. Marzo 2025: Se realizó seguimiento conjunto con la Contraloría Distrital de Medellín y ellos están evaluando las evidencias durante la Auditoría Financiera y de Gestión de la vigencia 2024. Abril 2025: Se realizó seguimiento conjunto con la Contraloría Distrital de Medellín y ellos están evaluando las evidencias durante la Auditoría Financiera y de Gestión de la vigencia 2024. Mayo 2025: Se realizó seguimiento conjunto con la Contraloría Distrital de Medellín y ellos están evaluando las evidencias durante la Auditoría Financiera y de Gestión de la vigencia 2024. Junio 2025: Evidencia de avance de la acción de mejora parcial. Julio 2025: Evidencia de avance de la acción de mejora parcial. Agosto 2025: A la fecha los responsables del cumplimiento de esta acción no han entregado la totalidad de las evidencias de esta acción. Posterior a la auditoría de gestión de la Contraloría Distrital de Medellín vigencia 2024, se está a la espera de los resultados del informe para el tratamiento de esta acción Septiembre 2025: Se cierra esta acción de acuerdo con el informe definitivo de la Auditoria Financiera, de Gestión y Resultados vigencia 2024, emitido por la Contraloría Distrital de Medellín en septiembre de 2025. ESTADO: CERRADA - Verificado en Informe Definitivo Auditoria Financiera, de Gestión y Resultados vigencia 2024, con fecha de septiembre 2025. | Q33: =IF(OR(F33="",M33="",M33=""),"-",IF(AND(M33=100%,N33=100%),"Cerrada","Abierta")) -> Cerrada | R33: =IF(F33="",0,1) -> 1 | V33: Dirección de Contratación | AF33: ='[5]F-CF-RC-012'!K33 -> Dirección Administrativa - supervision del contrato | AG33: ='[5]F-CF-RC-012'!L33 -> Jhon Bayron Restrepo Jaramillo
A34: Auditoría Regular vigencia 2019 | B34: 44183 | C34: 27 | D34: Deficiencias en la rendición de cuentas: En la información rendida a la Contraloría General de Medellín en el aplicativo Gestión Transparente; correspondiente a información de pagos del contrato N° 6 de 2019, ésta se ingresó con errores, es así como varias órdenes de pago, en el campo Deducciones Pago, no registraron ningún valor por este concepto y en la columna Total Bruto registrar el valor luego de retenciones y/o deducciones. Se debió diligenciar en cada columna los valores correspondientes, tal como se evidencia en el cuadro, tomado de la plataforma GT. Lo anterior evidencia incumplimiento a lo establecido “Artículo Séptimo. Medio para la rendición de la información” de la Resolución 079 de 2019, en términos de calidad y veracidad de la información suministrada durante una vigencia, lo anterior dificulta la labor auditora, pues impide realizar una evaluación técnica. Así mismo, no permite hacer una medición técnica a partir de datos. La trazabilidad que se efectúa desde la plataforma, a los planes, programas, proyectos, presupuesto y pagos de contratos, no se pudo realizar en su totalidad, pues o no hay datos o no son confiables. Se precisa que según lo dispuesto en la Resolución No 079 del 12 de junio de 2019 por medio de la cual se expide la versión 9 sobre la Rendición y Revisión de la Cuenta e Informes para el Municipio de Medellín, sus entidades descentralizadas y demás entidades y personas de manejan fondos, bienes o recursos donde tenga interés el Municipio de Medellín o dichas entidades descentralizadas, sobre las cuales la Contraloría General de Medellín ejerce control fiscal; en el artículo 13 se establece que, la información que se debe rendir, mediante el sistema de información “Gestión Transparente”; que para el caso de la información contractual de la ESE Metrosalud, ésta debe reportar en los Módulos: planes de acción y desarrollo, contratación, y Anexos Adicionales. Como resultado de esta observación, la ESE Metrosalud se expone así a la imposición de medidas sancionatorias, de conformidad con la Ley 42 de 1993 en el artículo 101, por no disponer de manera precisa y oportuna en el aplicativo GT todos los datos e información que se deben rendir a la Contraloría General de Medellín de acuerdo con lo previsto en el Capítulo IV de la Resolución No. 079 de 2019, en el que se determina el medio, la forma y el término de presentación de la cuenta e informes. | E34: Administrativa | F34: Se destinara con la empresa Xenco unas horas de desarrollo a fin de contar con un validador de tal manera que antes de enviar la informacion se encuentren las posibles inconsistencias | G34: 44201 | H34: 44561 | I34: Evitar errores es la rendicion de la informacion a traves del aplicativo gestion transparente | J34: 44561 | K34: Dirección de Contratación | L34: =VLOOKUP(K34,'DEPENDENCIAS-RESPONSABLES'!B:C,2,FALSE) -> Esperanza Peñaranda Pineda (Directora Operativa de Contratación) | M34: 1 | N34: 1 | O34: Enero 2022: Continua abierta Mayo 2022: Se verifica la orden de compra numero 2043 de 2022, con la empresa H C INTELIGENCIA DE NEGOCIOS S.A.S, para la prestacion de servicios de mesa de ayuda, mantenimiento y vigencia tecnologica de la herramienta de carga masiva de informacion general de ocntrato, proyectos, contratistas, interventores, pagos, rubros presupuestales y anexos de pagos ene l aplicativo gestion transparente apartir de archivos planos tipo XML generadas desde la entidad de control para la ESE METROSALUD, vigente a partir 24 de enero de 2022 Evidencia: Orden de compra numero 2043 de 2022 Nota: Con este contrato se evita incurrir en los errores en mecion. Noviembre 2022: Cerrada Septiembre 2023: Este hallazgo continua abierto de acuerdo con el Informe Definitivo de la Auditoría Financiera y de Gestión de la vigencia 2022. Febrero 2024: Se realiza segumiento, donde los responsables de dar cumplimiento a las acciónes de mejora no presentaron avances Abril 2024: De acuerdo con el informe de la Contraloría de agosto 2023 "Informe Definitivo Gestión Fiscal Integral Auditoría Financiera y de Gestión vigencia 2022 E.S.E. Metrosalud", esta acción quedó ABIERTA (cuadro 25, pg 67-informe). Está ABIERTA en PAPEL DE TRABAJO PT 03-PF EVALUACIÓN PLAN DE MEJORAMIENTO de la contraloría. Observación de la contraloría: Se revisa evidencia aportada por el ente de control (Orden de compra 2043) , Se determina dejar la acción abierta porque en los contratos evaluadosaun se presentaron inconsistencias en la rendición contractual: En el contrato 3881-2022, se encontró inconsistencia en los pagos rendidos: un pago rendido doble (TPGE-303441) y los pagos TPGE 287076 y 289686 se rinden con diferencias. Contrato 6242-2022, se rinden dos pagos dobles el TPGE 306067 y el 305934: El pago TPGE 306067 rendido con valor errado, el valor del pago fue $357.322.855 y se rindió $344.599.086, No se rinde la adición No. 3 por $10,746,002 realizada el 01/01/2023 ni la información presupuestal de dicho evento. Contrato 3219-2022: No se rinde los eventos de terminación y liquidación. Contrato 3245-2022: No se rinde los eventos de la liquidación ni la segunda prórroga realizada el 30/12/2022, El registro presupuestal que se rinde para la adición del 30/06/2022 es diferente a la registrada en el expediente se rinde la 2203876 y la correcta es la 2207836 Julio 2024: Sin evidencias de avance en la acción de mejoramiento por parte de los responsables del cumplimiento, sin embargo, solicitaran la reformulación de la acción de mejora que existe a la fecha, porque consideran que no conduce a la mejora del hallazgo. Cumplimiento: 0%, Efectividad 0% Agosto 2024: Sin avance por parte de los responsables de la reformulación de la acción de mejora que existe a la fecha.Cumplimiento: 10% - Efectividad 0%. Septiembre 2024: Sin avance por parte de los responsables de la reformulación de la acción de mejora que existe a la fecha.Cumplimiento: 10% - Efectividad 0%. Octubre 2024: Sin avance por parte de los responsables de la reformulación de la acción de mejora que existe a la fecha.Cumplimiento: 10% - Efectividad 0% Noviembre 2024: Sin avance por parte de los responsables de la reformulación de la acción de mejora que existe a la fecha.Cumplimiento: 10% - Efectividad 0%. Diciembre 2024: Sin avance por parte de los responsables de la reformulación de la acción de mejora que existe a la fecha. Cumplimiento: 10% - Efectividad 10%. Enero 2025: Los responsables aportan planilla de control manual del 2023, sin embargo esta evidencia no coincide con la accion de mejora planteada a la Contraloría Distrital. Febrero 2025: En proceso de avance de la acción de mejora por parte de los responsables del cumplimiento. Marzo 2025: Se realizó seguimiento conjunto con la Contraloría Distrital de Medellín y ellos están evaluando las evidencias durante la Auditoría Financiera y de Gestión de la vigencia 2024. Abril 2025: Se realizó seguimiento conjunto con la Contraloría Distrital de Medellín y ellos están evaluando las evidencias durante la Auditoría Financiera y de Gestión de la vigencia 2024. Mayo 2025: Se realizó seguimiento conjunto con la Contraloría Distrital de Medellín y ellos están evaluando las evidencias durante la Auditoría Financiera y de Gestión de la vigencia 2024. Junio 2025: Evidencia de avance de la acción de mejora parcial. Julio 2025: Evidencia de avance de la acción de mejora parcial. Agosto 2025: A la fecha los responsables del cumplimiento de esta acción no han entregado la totalidad de las evidencias de esta acción. Posterior a la auditoría de gestión de la Contraloría Distrital de Medellín vigencia 2024, se está a la espera de los resultados del informe para el tratamiento de esta acción Septiembre 2025: Se cierra esta acción de acuerdo con el informe definitivo de la Auditoria Financiera, de Gestión y Resultados vigencia 2024, emitido por la Contraloría Distrital de Medellín en septiembre de 2025. ESTADO: CERRADA - Verificado en Informe Definitivo Auditoria Financiera, de Gestión y Resultados vigencia 2024, con fecha de septiembre 2025. | Q34: =IF(OR(F34="",M34="",M34=""),"-",IF(AND(M34=100%,N34=100%),"Cerrada","Abierta")) -> Cerrada | R34: =IF(F34="",0,1) -> 1 | V34: Dirección de Contratación | AF34: ='[5]F-CF-RC-012'!K34 -> Dirección Administrativa - supervision del contrato | AG34: ='[5]F-CF-RC-012'!L34 -> Jhon Bayron Restrepo Jaramillo
A35: Auditoría Regular vigencia 2019 | B35: 44183 | C35: 28 | D35: Deficiencias en la rendición de cuentas: En la rendición de cuentas realizada en el aplicativo Gestión Transparente, se registra información referente al proyecto 002013001-2019 - “Gestionar la Red (Gastos de funcionamiento)”; no obstante, este proyecto no está incluido en el Plan de Desarrollo, ni en el Plan de Acción como uno de los proyectos. En el Módulo Planes de Acción y Desarrollo, se debió registrar todos los proyectos a ejecutarse durante la vigencia 2019 y se debió actualizar esta información de acuerdo con los cambios aprobados al plan de desarrollo y de acción de Metrosalud. En este orden de ideas, se debe actualizar permanentemente los recursos presupuestales asignados a cada proyecto, e ingresar proyectos nuevos que no habían sido considerados en un principio. Lo observado anteriormente, evidencia irregularidades en la rendición de la cuenta, de acuerdo con lo estipulado en la Resolución 079 de 2019, la empresa de salud se expone a la imposición de medidas correccionales o sanciones de conformidad con la Ley 42 de 1993 en su artículo 101, por no disponer de manera oportuna en el aplicativo GT todos los datos e información que se deben rendir a la Contraloría General de Medellín de acuerdo con lo previsto en el Capítulo IV de la Resolución No. 079 de 2019, en el que se determina el medio, la forma y el término de presentación de la cuenta e informes. Igualmente se dificulta la labor auditora, pues impide realizar una evaluación técnica y objetiva, por no disponer de información confiable y veraz con la realidad. También La trazabilidad que se efectúa desde la plataforma, a los planes, programas, proyectos, presupuesto y pagos de contratos, no se pudo realizar en su totalidad, pues o no hay datos registrados o estándolo no son confiables, esto implica que no se pueda medir el cumplimiento de las metas, de los recursos, la eficiencia y la eficacia, entre otros. | E35: Administrativa | F35: Validar que todos los proyectos contenidos en el plan de desarrollo y plan de acción queden incluidos en el aplicativo de gestión transparente, realizar actualizaciones e inclusiones de proyectos en caso de requerirse e identificar recursos presupuestales asignados a cada uno de ellos | G35: 44197 | H35: 44561 | I35: Cumplir con lo establecido en la Resolucion 079 de 2020, en términos de calidad, veracidad y oportunidad de la información | J35: 44561 | K35: Oficina Asesora de Planeación y Desarrollo Organizacional | L35: =VLOOKUP(K35,'DEPENDENCIAS-RESPONSABLES'!B:C,2,FALSE) -> Natalia Peláez Miyar (Jefe Oficina Asesora de Planeación y Desarrollo Organizacional) | M35: 1 | N35: 1 | O35: Enero 2022: Continua abierta Mayo 2022: Revisar con la Doctora Celmira Giraldo - Observación 33 Agosto 2022: La accion se encamina al cierre, toda vez que Gastos de funcionamiento si se incluye en Gestion transparente, sin embargo no esta como proyecto. Martha Lucia nos enviara la evidencia Noviembre 2022: Se verifian las evidencias enviadas por la Profesional especializado Marta Lucía Gómez Palacio, de Plan de desarrollo y gestion transparente 2021 Abril 2024: De acuerdo con el informe de la Contraloría de agosto 2023 "Informe Definitivo Gestión Fiscal Integral Auditoría Financiera y de Gestión vigencia 2022 E.S.E. Metrosalud", esta acción quedó CERRADA (cuadro 25, pg 67-informe). Está CERRADA en PAPEL DE TRABAJO PT 03-PF EVALUACIÓN PLAN DE MEJORAMIENTO de la contraloría. Observación contraloría: se verificó la rendición de los proyectos de acuerdo al plan de acción y plan de desarrollo actual y están bien rendidos.(Verificado con Teresita). Se cierra la acción ESTADO: Cerrada | Q35: =IF(OR(F35="",M35="",M35=""),"-",IF(AND(M35=100%,N35=100%),"Cerrada","Abierta")) -> Cerrada | R35: =IF(F35="",0,1) -> 1 | Z35: Oficina Asesora de Planeación y Desarrollo Organizacional | AF35: ='[5]F-CF-RC-012'!K35 -> Oficina Asesora de Planeación y DO | AG35: ='[5]F-CF-RC-012'!L35 -> Marta Lucia Gomez
A36: Auditoría Regular vigencia 2019 | B36: 44183 | C36: 29 | D36: Deficiencias en la rendición de cuentas: Una vez analizada la información remitida por la ESE a solicitud del Equipo Auditor; información correspondiente a los pagos del contrato N° 6 de 2019, no se encontró dentro del mismo documento alguno que certificara la terminación y liquidación del acuerdo comercial. Se debe mencionar que dicha verificación se practicó durante el proceso auditor en el mes de septiembre de 2020. Así mismo, en el aplicativo GT tampoco se ingresó la novedad de que el contrato estuviese terminado y/o liquidado. Esta etapa pos-contractual es fundamental dentro del proceso dado que el valor pactado del contrato no se ejecutó en su totalidad, razón por la cual se debe dejar claramente establecido en dicha acta las razones que derivaron en ese hecho y así evitar controversias en un futuro. La no elaboración de la citada acta contraviene lo establecido en el manual de contratación de la ESE, numeral 5.2.4.6. FASE DE LIQUIDACION Y OBLIGACIONES POSTERIORES. Que estipula una función fundamental en el proceso contractual. Así mismo, dicho evento contractual debe ser registrado en la plataforma para la rendición de cuentas de la Contraloría General de Medellín, pues se evidenció incumplimiento a lo establecido en la Resolución 079 de 2019, en términos de oportunidad, calidad y veracidad de la información suministrada durante una vigencia, lo anterior dificulta la labor auditora, pues impide realizar una evaluación técnica. La anterior situación, no permite hacer una medición técnica a partir de datos; la trazabilidad que se efectúa desde la plataforma, a los planes, programas, proyectos, presupuesto y pagos de contratos, no se pudo realizar en su totalidad, pues o no hay datos o no son confiables | E36: Administrativa | F36: Se destinara con la empresa Xenco unas horas de desarrollo a fin de contar con un validador de tal manera que antes de enviar la informacion se encuentren las posibles inconsistencias | G36: 44201 | H36: 44561 | I36: Evitar errores es la rendicion de la informacion a traves del aplicativo gestion transparente | J36: 44561 | K36: Dirección de Contratación | L36: =VLOOKUP(K36,'DEPENDENCIAS-RESPONSABLES'!B:C,2,FALSE) -> Esperanza Peñaranda Pineda (Directora Operativa de Contratación) | M36: 1 | N36: 1 | O36: Enero 2022: Continua abierta Mayo 2022: Se verifica la orden de compra numero 2043 de 2022, con la empresa H C INTELIGENCIA DE NEGOCIOS S.A.S, para la prestacion de servicios de mesa de ayuda, mantenimiento y vigencia tecnologica de la herramienta de carga masiva de informacion general de ocntrato, proyectos, contratistas, interventores, pagos, rubros presupuestales y anexos de pagos ene l aplicativo gestion transparente apartir de archivos planos tipo XML generadas desde la entidad de control para la ESE METROSALUD, vigente a partir 24 de enero de 2022 Evidencia: Orden de compra numero 2043 de 2022 Nota: Con este contrato se evita incurrir en los errores en mecion. Noviembre 2022: Cerrada Septiembre 2023: Este hallazgo continua abierto de acuerdo con el Informe Definitivo de la Auditoría Financiera y de Gestión de la vigencia 2022. Febrero 2024: Se realiza segumiento, donde los responsables de dar cumplimiento a las acciónes de mejora no presentaron avances Abril 2024: De acuerdo con el informe de la Contraloría de agosto 2023 "Informe Definitivo Gestión Fiscal Integral Auditoría Financiera y de Gestión vigencia 2022 E.S.E. Metrosalud", esta acción quedó ABIERTA (cuadro 25, pg 67-informe). Está ABIERTA en PAPEL DE TRABAJO PT 03-PF EVALUACIÓN PLAN DE MEJORAMIENTO de la contraloría. Observación de la contraloría: Se revisa evidencia aportada por el ente de control (Orden de compra 2043) , Se determina dejar la acción abierta porque en los contratos evaluadosaun se presentaron inconsistencias en la rendición contractual: En el contrato 3881-2022, se encontró inconsistencia en los pagos rendidos: un pago rendido doble (TPGE-303441) y los pagos TPGE 287076 y 289686 se rinden con diferencias. Contrato 6242-2022, se rinden dos pagos dobles el TPGE 306067 y el 305934: El pago TPGE 306067 rendido con valor errado, el valor del pago fue $357.322.855 y se rindió $344.599.086, No se rinde la adición No. 3 por $10,746,002 realizada el 01/01/2023 ni la información presupuestal de dicho evento. Contrato 3219-2022: No se rinde los eventos de terminación y liquidación. Contrato 3245-2022: No se rinde los eventos de la liquidación ni la segunda prórroga realizada el 30/12/2022, El registro presupuestal que se rinde para la adición del 30/06/2022 es diferente a la registrada en el expediente se rinde la 2203876 y la correcta es la 2207836 Julio 2024: Sin evidencias de avance en la acción de mejoramiento por parte de los responsables del cumplimiento, sin embargo, solicitaran la reformulación de la acción de mejora que existe a la fecha, porque consideran que no conduce a la mejora del hallazgo. Cumplimiento: 0%, Efectividad 0% Agosto 2024: Sin avance por parte de los responsables de la reformulación de la acción de mejora que existe a la fecha.Cumplimiento: 10% - Efectividad 0%. Septiembre 2024: Sin avance por parte de los responsables de la reformulación de la acción de mejora que existe a la fecha.Cumplimiento: 10% - Efectividad 0%. Octubre 2024: Sin avance por parte de los responsables de la reformulación de la acción de mejora que existe a la fecha.Cumplimiento: 10% - Efectividad 0%. Noviembre 2024: Sin avance por parte de los responsables de la reformulación de la acción de mejora que existe a la fecha.Cumplimiento: 10% - Efectividad 0%. Diciembre 2024: Sin avance por parte de los responsables de la reformulación de la acción de mejora que existe a la fecha. Cumplimiento: 10% - Efectividad 10%. Enero 2025: Los responsables aportan planilla de control manual del 2023, sin embargo esta evidencia no coincide con la accion de mejora planteada a la Contraloría Distrital. Febrero 2025: En proceso de avance de la acción de mejora por parte de los responsables del cumplimiento. Marzo 2025: Se realizó seguimiento conjunto con la Contraloría Distrital de Medellín y ellos están evaluando las evidencias durante la Auditoría Financiera y de Gestión de la vigencia 2024. Abril 2025: Se realizó seguimiento conjunto con la Contraloría Distrital de Medellín y ellos están evaluando las evidencias durante la Auditoría Financiera y de Gestión de la vigencia 2024. Mayo 2025: Se realizó seguimiento conjunto con la Contraloría Distrital de Medellín y ellos están evaluando las evidencias durante la Auditoría Financiera y de Gestión de la vigencia 2024. Junio 2025: Evidencia de avance de la acción de mejora parcial. Julio 2025: Evidencia de avance de la acción de mejora parcial. Agosto 2025: A la fecha los responsables del cumplimiento de esta acción no han entregado la totalidad de las evidencias de esta acción. Posterior a la auditoría de gestión de la Contraloría Distrital de Medellín vigencia 2024, se está a la espera de los resultados del informe para el tratamiento de esta acción Septiembre 2025: Se cierra esta acción de acuerdo con el informe definitivo de la Auditoria Financiera, de Gestión y Resultados vigencia 2024, emitido por la Contraloría Distrital de Medellín en septiembre de 2025. ESTADO: CERRADA - Verificado en Informe Definitivo Auditoria Financiera, de Gestión y Resultados vigencia 2024, con fecha de septiembre 2025. | Q36: =IF(OR(F36="",M36="",M36=""),"-",IF(AND(M36=100%,N36=100%),"Cerrada","Abierta")) -> Cerrada | R36: =IF(F36="",0,1) -> 1 | V36: Dirección de Contratación | AF36: ='[5]F-CF-RC-012'!K36 -> Dirección Administrativa - supervision del contrato | AG36: ='[5]F-CF-RC-012'!L36 -> Jhon Bayron Restrepo Jaramillo
A37: Auditoría Regular vigencia 2019 | B37: 44183 | C37: 30 | D37: Deficiencias en la rendición de cuentas: Lo observado anteriormente, evidencia irregularidades en la rendición de la cuenta, de acuerdo con lo estipulado en la Resolución 079 de 2019. Toda vez que no se rinde de manera completa lo correspondiente al pago del contrato. Eso dificulta la labor auditora, pues impide realizar una evaluación técnica y objetiva, por no registrar información confiable y veraz acorde con la realidad. La entidad de salud se expone a la imposición de medidas correccionales o sanciones de conformidad con la Ley 42 de 1993 en su artículo 101, por no disponer de manera oportuna en el Sistema de Información gestión Transparente todos los datos e información que se deben rendir a la Contraloría General de Medellín de acuerdo con lo previsto en el Capítulo IV de la Resolución No. 079 de 2019, en el que se determina el medio, la forma y el término de presentación de la cuenta e informes. | E37: Administrativa | F37: Se destinara con la empresa Xenco unas horas de desarrollo a fin de contar con un validador de tal manera que antes de enviar la informacion se encuentren las posibles inconsistencias | G37: 44201 | H37: 44561 | I37: Evitar errores es la rendicion de la informacion a traves del aplicativo gestion transparente | J37: 44561 | K37: Dirección de Contratación | L37: =VLOOKUP(K37,'DEPENDENCIAS-RESPONSABLES'!B:C,2,FALSE) -> Esperanza Peñaranda Pineda (Directora Operativa de Contratación) | M37: 1 | N37: 1 | O37: Enero 2022: Continua abierta Mayo 2022: Se verifica la orden de compra numero 2043 de 2022, con la empresa H C INTELIGENCIA DE NEGOCIOS S.A.S, para la prestacion de servicios de mesa de ayuda, mantenimiento y vigencia tecnologica de la herramienta de carga masiva de informacion general de ocntrato, proyectos, contratistas, interventores, pagos, rubros presupuestales y anexos de pagos ene l aplicativo gestion transparente apartir de archivos planos tipo XML generadas desde la entidad de control para la ESE METROSALUD, vigente a partir 24 de enero de 2022 Evidencia: Orden de compra numero 2043 de 2022 Nota: Con este contrato se evita incurrir en los errores en mecion. Noviembre 2022: Cerrada Septiembre 2023: Este hallazgo continua abierto de acuerdo con el Informe Definitivo de la Auditoría Financiera y de Gestión de la vigencia 2022. Febrero 2024: Se realiza segumiento, donde los responsables de dar cumplimiento a las acciónes de mejora no presentaron avances Abril 2024: De acuerdo con el informe de la Contraloría de agosto 2023 "Informe Definitivo Gestión Fiscal Integral Auditoría Financiera y de Gestión vigencia 2022 E.S.E. Metrosalud", esta acción quedó ABIERTA (cuadro 25, pg 67-informe). Está ABIERTA en PAPEL DE TRABAJO PT 03-PF EVALUACIÓN PLAN DE MEJORAMIENTO de la contraloría. Observación de la contraloría: Se revisa evidencia aportada por el ente de control (Orden de compra 2043) , Se determina dejar la acción abierta porque en los contratos evaluadosaun se presentaron inconsistencias en la rendición contractual: En el contrato 3881-2022, se encontró inconsistencia en los pagos rendidos: un pago rendido doble (TPGE-303441) y los pagos TPGE 287076 y 289686 se rinden con diferencias. Contrato 6242-2022, se rinden dos pagos dobles el TPGE 306067 y el 305934: El pago TPGE 306067 rendido con valor errado, el valor del pago fue $357.322.855 y se rindió $344.599.086, No se rinde la adición No. 3 por $10,746,002 realizada el 01/01/2023 ni la información presupuestal de dicho evento. Contrato 3219-2022: No se rinde los eventos de terminación y liquidación. Contrato 3245-2022: No se rinde los eventos de la liquidación ni la segunda prórroga realizada el 30/12/2022, El registro presupuestal que se rinde para la adición del 30/06/2022 es diferente a la registrada en el expediente se rinde la 2203876 y la correcta es la 2207836 Julio 2024: Sin evidencias de avance en la acción de mejoramiento por parte de los responsables del cumplimiento, sin embargo, solicitaran la reformulación de la acción de mejora que existe a la fecha, porque consideran que no conduce a la mejora del hallazgo. Cumplimiento: 0%, Efectividad 0% Agosto 2024: Sin avance por parte de los responsables de la reformulación de la acción de mejora que existe a la fecha.Cumplimiento: 10% - Efectividad 0%. Septiembre 2024: Sin avance por parte de los responsables de la reformulación de la acción de mejora que existe a la fecha.Cumplimiento: 10% - Efectividad 0%. Octubre 2024: Sin avance por parte de los responsables de la reformulación de la acción de mejora que existe a la fecha.Cumplimiento: 10% - Efectividad 0%. Noviembre 2024: Sin avance por parte de los responsables de la reformulación de la acción de mejora que existe a la fecha.Cumplimiento: 10% - Efectividad 0%. Diciembre 2024: Sin avance por parte de los responsables de la reformulación de la acción de mejora que existe a la fecha. Cumplimiento: 10% - Efectividad 10%. Enero 2025: Los responsables aportan planilla de control manual del 2023, sin embargo esta evidencia no coincide con la accion de mejora planteada a la Contraloría Distrital. Febrero 2025: En proceso de avance de la acción de mejora por parte de los responsables del cumplimiento. Marzo 2025: Se realizó seguimiento conjunto con la Contraloría Distrital de Medellín y ellos están evaluando las evidencias durante la Auditoría Financiera y de Gestión de la vigencia 2024. Abril 2025: Se realizó seguimiento conjunto con la Contraloría Distrital de Medellín y ellos están evaluando las evidencias durante la Auditoría Financiera y de Gestión de la vigencia 2024. Mayo 2025: Se realizó seguimiento conjunto con la Contraloría Distrital de Medellín y ellos están evaluando las evidencias durante la Auditoría Financiera y de Gestión de la vigencia 2024. Junio 2025: Evidencia de avance de la acción de mejora parcial. Julio 2025: Evidencia de avance de la acción de mejora parcial. Agosto 2025: A la fecha los responsables del cumplimiento de esta acción no han entregado la totalidad de las evidencias de esta acción. Posterior a la auditoría de gestión de la Contraloría Distrital de Medellín vigencia 2024, se está a la espera de los resultados del informe para el tratamiento de esta acción, Septiembre 2025: Se cierra esta acción de acuerdo con el informe definitivo de la Auditoria Financiera, de Gestión y Resultados vigencia 2024, emitido por la Contraloría Distrital de Medellín en septiembre de 2025. ESTADO: CERRADA - Verificado en Informe Definitivo Auditoria Financiera, de Gestión y Resultados vigencia 2024, con fecha de septiembre 2025. | Q37: =IF(OR(F37="",M37="",M37=""),"-",IF(AND(M37=100%,N37=100%),"Cerrada","Abierta")) -> Cerrada | R37: =IF(F37="",0,1) -> 1 | V37: Dirección de Contratación | AF37: ='[5]F-CF-RC-012'!K37 -> Dirección Administrativa | AG37: ='[5]F-CF-RC-012'!L37 -> Jhon Bayron Restrepo Jaramillo
A38: Auditoría Regular vigencia 2019 | B38: 44183 | C38: 31 | D38: Deficiencias en la rendición de cuentas: Una vez analizada la información remitida por la empresa a solicitud del equipo auditor; información correspondiente a los pagos del contrato, no se encontró dentro del mismo documento alguno que certificara la terminación y liquidación del acuerdo comercial. Se debe mencionar que dicha verificación se practicó durante el proceso auditor en el mes de septiembre de 2020. Así mismo, en el aplicativo Gestión Transparente GT tampoco se ingresó la novedad de que el contrato estuviese terminado y/o liquidado. Esta etapa pos-contractual es fundamental dentro del proceso, dado que el valor pactado del contrato no se ejecutó en su totalidad, razón por la cual se debe dejar claramente establecido en dicha Acta, las razones que derivaron en ese hecho y así evitar controversias en un futuro. La no elaboración de la citada Acta, contraviene lo establecido en el Manual de Contratación de la Empresa de Salud, numeral 5.2.4.6. FASE DE LIQUIDACION Y OBLIGACIONES POSTERIORES. Que estipula una función fundamental en el proceso contractual. Así mismo, dicho evento contractual debe ser registrado en la plataforma para la rendición de cuentas de la Contraloría General de Medellín, pues se evidenció incumplimiento a lo establecido en la Resolución 079 de 2019, en términos de oportunidad, calidad y veracidad de la información suministrada durante una vigencia, lo anterior dificulta la labor auditora, pues impide realizar una evaluación técnica. La anterior situación, no permite hacer una medición técnica a partir de datos; la trazabilidad que se efectúa desde la plataforma, a los planes, programas, proyectos, presupuesto y pagos de contratos, no se pudo realizar en su totalidad, pues o no hay datos o no son confiables | E38: Administrativa | F38: Se destinara con la empresa Xenco unas horas de desarrollo a fin de contar con un validador de tal manera que antes de enviar la informacion se encuentren las posibles inconsistencias | G38: 44201 | H38: 44561 | I38: Evitar errores es la rendicion de la informacion a traves del aplicativo gestion transparente | J38: 44561 | K38: Dirección de Contratación | L38: =VLOOKUP(K38,'DEPENDENCIAS-RESPONSABLES'!B:C,2,FALSE) -> Esperanza Peñaranda Pineda (Directora Operativa de Contratación) | M38: 1 | N38: 1 | O38: Enero 2022: Continua abierta Mayo 2022: Se verifica la orden de compra numero 2043 de 2022, con la empresa H C INTELIGENCIA DE NEGOCIOS S.A.S, para la prestacion de servicios de mesa de ayuda, mantenimiento y vigencia tecnologica de la herramienta de carga masiva de informacion general de ocntrato, proyectos, contratistas, interventores, pagos, rubros presupuestales y anexos de pagos ene l aplicativo gestion transparente apartir de archivos planos tipo XML generadas desde la entidad de control para la ESE METROSALUD, vigente a partir 24 de enero de 2022 Evidencia: Orden de compra numero 2043 de 2022 Nota: Con este contrato se evita incurrir en los errores en mecion. Noviembre 2022: Cerrada Septiembre 2023: Este hallazgo continua abierto de acuerdo con el Informe Definitivo de la Auditoría Financiera y de Gestión de la vigencia 2022. Febrero 2024: Se realiza segumiento, donde los responsables de dar cumplimiento a las acciónes de mejora no presentaron avances Abril 2024: De acuerdo con el informe de la Contraloría de agosto 2023 "Informe Definitivo Gestión Fiscal Integral Auditoría Financiera y de Gestión vigencia 2022 E.S.E. Metrosalud", esta acción quedó ABIERTA (cuadro 25, pg 67-informe). Está ABIERTA en PAPEL DE TRABAJO PT 03-PF EVALUACIÓN PLAN DE MEJORAMIENTO de la contraloría. Observación de la contraloría: Se revisa evidencia aportada por el ente de control (Orden de compra 2043) , Se determina dejar la acción abierta porque en los contratos evaluadosaun se presentaron inconsistencias en la rendición contractual: En el contrato 3881-2022, se encontró inconsistencia en los pagos rendidos: un pago rendido doble (TPGE-303441) y los pagos TPGE 287076 y 289686 se rinden con diferencias. Contrato 6242-2022, se rinden dos pagos dobles el TPGE 306067 y el 305934: El pago TPGE 306067 rendido con valor errado, el valor del pago fue $357.322.855 y se rindió $344.599.086, No se rinde la adición No. 3 por $10,746,002 realizada el 01/01/2023 ni la información presupuestal de dicho evento. Contrato 3219-2022: No se rinde los eventos de terminación y liquidación. Contrato 3245-2022: No se rinde los eventos de la liquidación ni la segunda prórroga realizada el 30/12/2022, El registro presupuestal que se rinde para la adición del 30/06/2022 es diferente a la registrada en el expediente se rinde la 2203876 y la correcta es la 2207836 Julio 2024: Sin evidencias de avance en la acción de mejoramiento por parte de los responsables del cumplimiento, sin embargo, solicitaran la reformulación de la acción de mejora que existe a la fecha, porque consideran que no conduce a la mejora del hallazgo. Cumplimiento: 0%, Efectividad 0% Agosto 2024: Sin avance por parte de los responsables de la reformulación de la acción de mejora que existe a la fecha. Cumplimiento: 10% - Efectividad 10%. Septiembre 2024: Sin avance por parte de los responsables de la reformulación de la acción de mejora que existe a la fecha. Cumplimiento: 10% - Efectividad 10%. Octubre 2024: Sin avance por parte de los responsables de la reformulación de la acción de mejora que existe a la fecha. Cumplimiento: 10% - Efectividad 10%. Noviembre 2024: Sin avance por parte de los responsables de la reformulación de la acción de mejora que existe a la fecha. Cumplimiento: 10% - Efectividad 10%. Diciembre 2024: Sin avance por parte de los responsables de la reformulación de la acción de mejora que existe a la fecha. Cumplimiento: 10% - Efectividad 10%. Enero 2025: Los responsables aportan planilla de control manual del 2023, sin embargo esta evidencia no coincide con la accion de mejora planteada a la Contraloría Distrital. Febrero 2025: En proceso de avance de la acción de mejora por parte de los responsables del cumplimiento Marzo 2025: Se realizó seguimiento conjunto con la Contraloría Distrital de Medellín y ellos están evaluando las evidencias durante la Auditoría Financiera y de Gestión de la vigencia 2024. Abril 2025: Se realizó seguimiento conjunto con la Contraloría Distrital de Medellín y ellos están evaluando las evidencias durante la Auditoría Financiera y de Gestión de la vigencia 2024. Mayo 2025: Se realizó seguimiento conjunto con la Contraloría Distrital de Medellín y ellos están evaluando las evidencias durante la Auditoría Financiera y de Gestión de la vigencia 2024. Junio 2025: Evidencia de avance de la acción de mejora parcial. Julio 2025: Evidencia de avance de la acción de mejora parcial. Agosto 2025: A la fecha los responsables del cumplimiento de esta acción no han entregado la totalidad de las evidencias de esta acción. Posterior a la auditoría de gestión de la Contraloría Distrital de Medellín vigencia 2024, se está a la espera de los resultados del informe para el tratamiento de esta acción Septiembre 2025: Se cierra esta acción de acuerdo con el informe definitivo de la Auditoria Financiera, de Gestión y Resultados vigencia 2024, emitido por la Contraloría Distrital de Medellín en septiembre de 2025. ESTADO: CERRADA - Verificado en Informe Definitivo Auditoria Financiera, de Gestión y Resultados vigencia 2024, con fecha de septiembre 2025. | Q38: =IF(OR(F38="",M38="",M38=""),"-",IF(AND(M38=100%,N38=100%),"Cerrada","Abierta")) -> Cerrada | R38: =IF(F38="",0,1) -> 1 | V38: Dirección de Contratación | AF38: ='[5]F-CF-RC-012'!K38 -> Dirección Administrativa - supervision del contrato | AG38: ='[5]F-CF-RC-012'!L38 -> Jhon Bayron Restrepo Jaramillo
